 Dungeon Crawl Stone Soup version 0.25-a0-665-ga69d64035b (webtiles) character file.

Game seed: 16830930565460615289, levelgen mode: deterministic

1582999 Hartz the Conqueror (level 27, 0/218 HPs)
             Began as a Gargoyle Earth Elementalist on Mar 24, 2020.
             Was the Champion of Vehumet.
             Slain by Fihianann the pandemonium lord (12 damage)
             ... on level 17 of a ziggurat on Mar 26, 2020.
             The game lasted 09:00:56 (103618 turns).

Hartz the Conqueror (Gargoyle Earth Elementalist) Turns: 103618, Time: 09:00:57

Health: 0/218      AC: 51    Str: 22    XL:     27
Magic:  0/73       EV: 24    Int: 39    God:    Vehumet [******]
Gold:   20400      SH: 13    Dex:  8    Spells: 4/80 levels left

rFire    + + .     SeeInvis +   n - +18 lance "Wyrmbane" {slay drac, rPois rF+ rC+ AC+3}
rCold    + . .     Gourm    .   Y - +3 warlock's mirror {reflect}
rNeg     + + .     Faith    .   U - +4 moon troll leather armour {Spirit, Regen++ MP+5}
rPois    ∞         Spirit   +   D - +2 helmet of an ice cave {rPois rN+ rCorr}
rElec    +         Reflect  +   c - +2 cloak {+Inv}
rCorr    +         Harm     .   E - +0 pair of gloves of the Eternal Void {rPois MR+ Str+4 SInv}
MR       ++++.     Clarity  +   C - +2 pair of boots {run}
Stlth    ++........             J - amulet of Jigruv {RegenMP Int+4 Slay+3}
HPRegen  1.26/turn              p - ring of Watorph {rF+ Int+6}
MPRegen  0.68/turn              F - ring "Eklam" {MR+ MP+9 Str+4 Int+4}

@: mighty, flying, contaminated, hasted, glowing, studying Long Blades,
silenced, lightly drained, invisible (but backlit and visible), very quick
A: big wings, claws 1, clarity, clumsy 1, dopey 1, high mp 1, negative energy
resistance 1, sense surroundings 1, robust 1, screaming 1, electricity
resistance, unbreathing, petrification resistance, rot immunity, AC +20
}: 6/15 runes: decaying, slimy, silver, golden, abyssal, gossamer
a: Stop Flying, Renounce Religion


You were on level 17 of a ziggurat.
You worshipped Vehumet.
Vehumet was exalted by your worship.
You were full.

You visited 13 branches of the dungeon, and saw 61 of its levels.
You visited the Abyss 4 times.
You visited 5 ziggurats (completing 4), and saw 125 of their levels.
You also visited: Trove, Sewer, Ossuary and Ice Cave.

You collected 24872 gold pieces.
You spent 4472 gold pieces at shops.

Inventory:

Hand Weapons
 e - the +6 eveningstar of Circularity {vorpal, SInv}
   (You took it off a deep elf sorcerer on level 3 of the Elven Halls)

   It inflicts extra damage upon your enemies.
   It lets you see invisible.
 n - the +18 lance "Wyrmbane" (weapon) {slay drac, rPois rF+ rC+ AC+3}
   (You found it on level 23 of a ziggurat)

   It affects your AC (+3).
   It protects you from fire.
   It protects you from cold.
   It protects you from poison.
 x - the +5 scythe "Finisher" {speed, eviscerate}
   (You found it on level 14 of a ziggurat)

   Attacks with this weapon are significantly faster.
 A - the +7 great mace "Firestarter" {inner flame, rF++}
   (You found it on level 10 of the Dungeon)

   It has been specially enchanted to burn those struck by it, causing extra
   injury to most foes and up to half again as much damage against particularly
   susceptible opponents.
   It greatly protects you from fire.
Missiles
 u - 509 silver javelins (quivered)
 L - 28 throwing nets
Armour
 c - a +2 cloak of invisibility (worn)
 C - a +2 pair of boots of running (worn)
 D - the +2 helmet of an ice cave (worn) {rPois rN+ rCorr}
   (You found it on level 18 of a ziggurat)

   It protects you from poison.
   It protects you from negative energy.
   It provides partial protection from all sources of acid and corrosion.
 E - the +0 pair of gloves of the Eternal Void (worn) {rPois MR+ Str+4 SInv}
   (You acquired it on level 18 of a ziggurat)

   It affects your strength (+4).
   It protects you from poison.
   It affects your resistance to hostile enchantments.
   It lets you see invisible.
 U - the +4 moon troll leather armour (worn) {Spirit, Regen++ MP+5}
   (You found it on level 15 of a ziggurat)

   It affects your magic capacity (+5).
   It increases your rate of regeneration.
 Y - the +3 warlock's mirror (worn) {reflect}
   (You found it on level 23 of a ziggurat)
Jewellery
 p - the ring of Watorph (left hand) {rF+ Int+6}
   (You found it on level 5 of the Vaults)

   [ring of protection from fire]

   It affects your intelligence (+6).
   It protects you from fire.
 F - the ring "Eklam" (right hand) {MR+ MP+9 Str+4 Int+4}
   (You found it on level 5 of the Pits of Slime)

   [ring of protection from magic]

   It affects your strength (+4).
   It affects your intelligence (+4).
   It affects your resistance to hostile enchantments.
   It affects your magic capacity (+9).
 J - the amulet of Jigruv (around neck) {RegenMP Int+4 Slay+3}
   (You bought it in a shop on level 14 of the Dungeon)

   [amulet of magic regeneration]

   It increases your magic regeneration.
   It affects your intelligence (+4).
   It affects your accuracy and damage with ranged weapons and melee attacks
   (+3).
 O - the ring "Keuriet" {EV+5 Int+6}
   (You found it on level 16 of a ziggurat)

   [ring of evasion]

   It affects your evasion (+5).
   It affects your intelligence (+6).
Wands
 v - a wand of acid (34)
 M - a wand of iceblast (58)
Scrolls
 a - 29 scrolls of blinking
 h - 19 scrolls of magic mapping
 r - 86 scrolls of remove curse
 s - 7 scrolls of summoning
 t - 30 scrolls of amnesia
 w - 23 scrolls of identify
 B - 49 scrolls of fog
 K - 95 scrolls of teleportation
 Z - 28 scrolls of holy word
Potions
 b - 6 potions of heal wounds
 g - 56 potions of mutation
 i - 5 potions of resistance
 j - a potion of invisibility
 k - 16 potions of cancellation
 l - 28 potions of curing
 o - 10 potions of brilliance
 z - 7 potions of ambrosia
 G - 12 potions of might
 S - a potion of berserk rage
 T - 6 potions of haste
 W - 7 potions of magic
Books
 m - a manual of Long Blades
Miscellaneous
 q - 23 phantom mirrors
 y - 34 boxes of beasts
Comestibles
 d - 85 rations


   Skills:
 O Level 27(26.6) Fighting
 + Level 21.3(21.0) Maces & Flails
 O Level 27(26.6) Polearms
 O Level 27(26.6) Throwing
 O Level 27(26.6) Armour
 O Level 27(26.6) Dodging
 + Level 11.4(11.1) Stealth
 O Level 27(26.6) Shields
 + Level 9.5(9.2) Unarmed Combat
 O Level 27(26.6) Spellcasting
 O Level 27(26.6) Conjurations
   Level 11.0(10.7) Hexes
 + Level 10.1(9.8) Charms
 O Level 27(26.6) Necromancy
 O Level 27(26.6) Translocations
 + Level 12.5(12.2) Transmutations
 O Level 27(26.6) Fire Magic
 O Level 27(26.6) Ice Magic
 + Level 1.0(0.8) Air Magic
 O Level 27(26.6) Earth Magic
 O Level 27(26.6) Evocations


You had 4 spell levels left.
You knew the following spells:

 Your Spells              Type           Power        Failure   Level  Hunger
a - Shatter               Erth           ########..   1%          9    None
b - Controlled Blink      Tloc           N/A          1%          8    None
c - Tornado               Air            ######....   100%        9    None
d - Lehudib's Crystal Sp  Conj/Erth      ########..   1%          8    None
e - Necromutation         Tmut/Necr      ########..   1%          8    None
f - Death's Door          Chrm/Necr      ########..   1%          8    None
g - Ignition              Fire           ########..   1%          8    None
h - Glaciate              Conj/Ice       ########..   1%          9    None
i - Fire Storm            Conj/Fire      ########..   1%          9    None

Your spell library contained the following spells:

 Spells                   Type           Power        Failure   Level  Hunger
 Chain Lightning          Conj/Air       ########..   2%          8    None
 Animate Skeleton         Necr           N/A          0%          1    None
 Apportation              Tloc           ######       0%          1    None
 Beastly Appendage        Tmut           ######       0%          1    None
 Corona                   Hex            #######      0%          1    None
 Foxfire                  Conj/Fire      ####         0%          1    None
 Freeze                   Ice            ####         0%          1    None
 Infusion                 Chrm           ####         0%          1    None
 Magic Dart               Conj           ####         0%          1    None
 Pain                     Necr           ####         0%          1    None
 Sandblast                Erth           ######       0%          1    None
 Shock                    Conj/Air       ####         0%          1    None
 Blink                    Tloc           N/A          0%          2    None
 Corpse Rot               Necr/Air       N/A          0%          2    None
 Ensorcelled Hibernation  Hex/Ice        ######       0%          2    None
 Passwall                 Tmut/Erth      ########     0%          2    None
 Searing Ray              Conj           ######       0%          2    None
 Shroud of Golubria       Chrm/Tloc      ######       0%          2    None
 Slow                     Hex            #######.     0%          2    None
 Song of Slaying          Chrm           #######.     0%          2    None
 Sticks to Snakes         Tmut           #######.     0%          2    None
 Confusing Touch          Hex            #######.     0%          3    None
 Conjure Flame            Conj/Fire      ########     0%          3    None
 Dazzling Flash           Conj/Hex       ######       0%          3    None
 Frozen Ramparts          Ice            ######       0%          3    None
 Gell's Gravitas          Tloc           ########..   0%          3    None
 Ignite Poison            Fire/Tmut/Pois ########     0%          3    None
 Inner Flame              Hex/Fire       ########     0%          3    None
 Lesser Beckoning         Tloc           ########..   0%          3    None
 Ozocubu's Armour         Chrm/Ice       ########     0%          3    None
 Portal Projectile        Hex/Tloc       ######       0%          3    None
 Recall                   Summ/Tloc      N/A          0%          3    None
 Spectral Weapon          Hex/Chrm       #######.     0%          3    None
 Static Discharge         Conj/Air       ########     0%          3    None
 Stone Arrow              Conj/Erth      ######       0%          3    None
 Teleport Other           Tloc           ########     0%          3    None
 Tukima's Dance           Hex            #######.     0%          3    None
 Vampiric Draining        Necr           ########..   0%          3    None
 Animate Dead             Necr           N/A          0%          4    None
 Dispel Undead            Necr           ########     0%          4    None
 Fulminant Prism          Conj/Hex       ########..   0%          4    None
 Hailstorm                Conj/Ice       ########     0%          4    None
 Ice Form                 Ice/Tmut       ########     0%          4    None
 Iskenderun's Mystic Bla  Conj/Tloc      ########     0%          4    None
 Leda's Liquefaction      Hex/Erth       ########..   0%          4    None
 Passage of Golubria      Tloc           N/A          0%          4    None
 Petrify                  Tmut/Erth      ########     0%          4    None
 Sticky Flame             Conj/Fire      ########     0%          4    None
 Summon Ice Beast         Ice/Summ       ########     0%          4    None
 Sting                    Tmut/Pois      ####         1%          1    None
 Summon Butterflies       Summ           ######..     1%          1    None
 Summon Small Mammal      Summ           ####         1%          1    None
 Call Imp                 Summ           ######..     1%          2    None
 Poisonous Vapours        Pois/Air       ######       1%          2    None
 Swiftness                Chrm/Air       #######.     1%          2    None
 Call Canine Familiar     Summ           ######..     1%          3    None
 Mephitic Cloud           Conj/Pois/Air  #######.     1%          3    None
 Spider Form              Tmut/Pois      #######...   1%          3    None
 Summon Guardian Golem    Hex/Summ       #######.     1%          3    None
 Airstrike                Air            ######....   1%          4    None
 Cause Fear               Hex            #######...   1%          4    None
 Olgreb's Toxic Radiance  Pois           ######..     1%          4    None
 Summon Lightning Spire   Summ/Air       ######..     3%          4    None
 Agony                    Necr           ########     0%          5    None
 Bolt of Magma            Conj/Fire/Erth ########..   0%          5    None
 Borgnjor's Vile Clutch   Necr/Erth      ########..   0%          5    None
 Excruciating Wounds      Chrm/Necr      ########..   0%          5    None
 Fireball                 Conj/Fire      ########..   0%          5    None
 Irradiate                Conj/Tmut      ########..   0%          5    None
 Iskenderun's Battlesphe  Conj/Chrm      ########     0%          5    None
 Lee's Rapid Deconstruct  Erth           ########..   0%          5    None
 Metabolic Englaciation   Hex/Ice        ########..   0%          5    None
 Death Channel            Necr           ########..   0%          6    None
 Dispersal                Tloc           ########..   0%          6    None
 Iron Shot                Conj/Erth      ########..   0%          6    None
 Ozocubu's Refrigeration  Ice            ########..   0%          6    None
 Simulacrum               Ice/Necr       ########..   0%          6    None
 Starburst                Conj/Fire      ########..   0%          6    None
 Orb of Destruction       Conj           ########..   0%          7    None
 Alistair's Intoxication  Tmut/Pois      #######.     1%          5    None
 Blade Hands              Tmut           #######...   1%          5    None
 Lightning Bolt           Conj/Air       ########..   1%          5    None
 Silence                  Hex/Air        #######...   1%          5    None
 Summon Forest            Summ/Tloc      ########..   1%          5    None
 Summon Mana Viper        Hex/Summ       #######.     1%          5    None
 Yara's Violent Unravell  Hex/Tmut       #######...   1%          5    None
 Conjure Ball Lightning   Conj/Air       ########..   1%          6    None
 Darkness                 Hex            #######...   1%          6    None
 Freezing Cloud           Conj/Ice/Air   ########..   1%          6    None
 Hydra Form               Tmut           #######...   1%          6    None
 Invisibility             Hex            #######.     1%          6    None
 Dragon Form              Tmut           #######...   1%          7    None
 Haunt                    Necr/Summ      ########..   1%          7    None
 Malign Gateway           Summ/Tloc      ########..   1%          7    None
 Ring of Flames           Chrm/Fire      ########..   1%          7    None
 Spellforged Servitor     Conj/Summ      ########..   1%          7    None
 Borgnjor's Revivificati  Necr           ########..   1%          8    None
 Disjunction              Tloc           ########..   1%          8    None
 Infestation              Necr           ########..   1%          8    None
 Eringya's Noxious Bog    Tmut/Pois      #######...   4%          6    None
 Deflect Missiles         Chrm/Air       #######...   6%          6    None
 Aura of Abjuration       Summ           ######....   10%         5    None
 Summon Demon             Summ           ######....   10%         5    None
 Discord                  Hex            #######...   28%         8    None
 Shadow Creatures         Summ           N/A          50%         6    None
 Monstrous Menagerie      Summ           ######....   97%         7    None
 Summon Greater Demon     Summ           ######....   97%         7    None
 Summon Hydra             Summ           ######....   97%         7    None
 Summon Horrible Things   Summ           ######....   100%        8    None
 Dragon's Call            Summ           ######....   100%        9    None
 Sublimation of Blood     Necr           Unusable     N/A         2    N/A
 Statue Form              Tmut/Erth      Unusable     N/A         6    N/A

Dungeon Overview and Level Annotations

Branches:
Dungeon (15/15)            Temple (1/1) D:4            Lair (6/6) D:11
  Swamp (4/4) Lair:4       Spider (4/4) Lair:2        Slime (5/5) Lair:5
    Orc (2/2) D:11            Elf (3/3) Orc:2        Vaults (5/5) D:14
  Crypt (3/3) Vaults:2       Tomb (3/3) Crypt:3      Depths (5/5) D:15
    Zot (5/5) Depths:5      Sewer (visited)         Ossuary (visited)
  IceCv (visited)

Altars:
Ashenzari
Cheibriados
Dithmenos
Elyvilon
Fedhas
Gozag
Hepliaklqana
Kikubaaqudgha
Makhleb
Nemelex Xobeh
Okawaru
Qazlal
Ru
Sif Muna
Trog
Uskayaw
Vehumet
Wu Jian
Xom
Yredelemnul
Zin
The Shining One
Beogh
Jiyva

Shops:
D:9 [   D:13 %   D:14 =(([(   Orc:1 [   Orc:2 }%(![   Elf:3 }}=   Zot:5 *
Depths:1 :*   Depths:3 !}

Portals:
Hell: Depths:1 Depths:2 Depths:3 Depths:4 Depths:5
Abyss: Depths:2 Depths:4 Depths:5
Pandemonium: Orc:2 Depths:3 Depths:4
Ziggurat: D:15

Annotations:
Vaults:4 3 runed translucent doors, Neudybaa's ghost, adept HuFi


Innate Abilities, Weirdness & Mutations

You are resistant to torment.
Your stone body is resilient. (AC +20)
You are immune to poison.
Your large and strong wings let you fly indefinitely.
You resist negative energy. (rN+)
You are resistant to electric shocks. (rElec)
You can survive without breathing.
You are immune to petrification.
You are immune to rotting.
You have sharp fingernails.
You possess an exceptional clarity of mind.
You are clumsy. (Dex -2)
You are dopey. (Int -2)
You have an increased reservoir of magic. (+10% MP)
You passively map a small area around you.
You are robust. (+10% HP)
You occasionally shout uncontrollably at your foes.


Message History

Coqaeh hits you but does no damage. Gail hits you.
* * * LOW HITPOINT WARNING * * *
The Killer Klown blinks!
Qolyanay is engulfed in freezing vapours.
Barghaagg gestures.
Barghaagg's surroundings become eerily quiet.
Udiopatawn closely misses you.
The Killer Klown blinks! x4
Unknown command.
Unknown command.
You feel much better.
The eye of devastation changes into an anaconda!
The unseen horror changes into a black bear!
You block Ezyleff's attack. Selis hits you!
* * * LOW HITPOINT WARNING * * *
You writhe in agony.
* * * LOW HITPOINT WARNING * * *
You block the juggernaut's attack. The juggernaut hits you!!
* * * LOW HITPOINT WARNING * * *
Fihianann hits you!
You die...

▓...........▓
▓.....§§§§§§▓
▓▓▓▓....3§§§§§§▓▓▓▓▓▓▓▓▓
...........§§r4§4..p.p.▓
......&....&424&tD.4=[}▓
....&.#..p†.#221t3tt)|)▓
......&#..u##s&&&C§W)[:▓
.....&...42hD&&&&&p|a!∩▓
....4...8&t2p&&&@&YCp)>▓
........m.&&uD&C&&§YD[∩▓
.....4##.ux##&&CuuY4??$▓
......# ...#4&GJCDY)|[▓
........ ,.2k4StGt....▓
......... .up..pu....p.▓
▓▓▓▓.........p.▓▓▓▓▓▓▓▓▓
▓.....*.....


You could see Alauh Xen, Alax, Arhinn, Ariorgh, Barghaagg, Canugos, Coqaeh,
Culog, Enakk, Ezyleff, Femniarph, Fihianann, Gacw, Gail, Guoreat, Icucuxoi,
Madueh (invisible), Nataxe, Qolyanay, Selis, Sofriwn, Udiopatawn, Ysatih, a
juggernaut, 9 Killer Klowns, an alligator snapping turtle, a Hell Sentinel, 2
shadow dragons, 2 dire elephants, a frost giant, 2 very ugly things, a fire
giant, a fire giant shaped shifter, a fire dragon, a stone giant, a hell beast,
an azure jelly, a catoblepas shaped shifter, a reaper, a six-headed hydra shaped
shifter, a five-headed hydra shaped shifter, an entropy weaver shaped shifter, a
great orb of eyes shaped shifter, 5 ugly things, an anaconda shaped shifter, a
demonic crawler, an eye of devastation shaped shifter, 2 shadow demons, an
orange demon, 6 apocalypse crabs, 2 hellwings, an ice devil, a rust devil, a
sixfirhy, 2 tormentors, an unseen horror (invisible), a rime drake, 3 chaos
spawn, a wraith, a red devil, a black bear shaped shifter, a dream sheep shaped
shifter and a hell rat.

Vanquished Creatures
  the Royal Jelly (Slime:5)
  41 ancient liches
  14 orbs of fire
  12 juggernauts
  79 greater mummies
  Sojobo (Tomb:2)
  19 shard shrikes
  45 Killer Klowns
  4 curse toes
  15 caustic shrikes
  16 profane servitors
  68 pandemonium lords
  47 golden dragons
  Nikola (Swamp:4)
  Jory (Vaults:2)
  13 pearl dragons (Zig:26)
  A doom hound (Zig:4)
  22 Tzitzimimeh
  16 hellephants
  57 liches
  34 bone dragons
  14 electric golems
  26 Brimstone Fiends
  52 tentacled monstrosities
  6 iron giants
  22 Orb Guardians (Zot:5)
  42 Ice Fiends
  24 Hell Sentinels
  13 quicksilver dragons
  42 deep elf blademasters
  38 titans
  Asterion (Elf:3)
  126 acid blobs
  An eldritch tentacle (Zig:16)
  65 deep elf master archers
  The ghost of Taschum the Severer, an adept DrAK of Lugonu (Vaults:2)
  32 Executioners
  Frances (Swamp:2)
  36 ancient champions
  45 tentacled starspawn
  23 sphinxes
  3 sphinxes (shapeshifter)
  9 death cobs
  A storm dragon (shapeshifter) (Zig:17)
  4 shadow dragons (shapeshifter)
  Kirke (Spider:2)
  38 revenants
  11 shadow dragons
  26 tengu reavers
  3 azure jellies (shapeshifter)
  10 thorn hunters
  31 storm dragons
  Donald (Vaults:2)
  56 draconian monks
  9 daevas (Zig:26)
  71 azure jellies
  102 nagarajas
  33 vault wardens
  Roxanne (Elf:1)
  89 ghost moths
  64 draconian knights
  6 frost giants (shapeshifter)
  3 fire giants (shapeshifter)
  50 draconian shifters
  21 fire giants
  49 corrupters
  18 frost giants
  An iron dragon (Vaults:5)
  28 orc warlords
  25 deep elf sorcerers
  51 draconian scorchers
  35 black suns
  34 balrugs
  An emperor scorpion (shapeshifter) (Zig:14)
  Louise (Swamp:4)
  49 emperor scorpions
  6 caustic shrike zombies
  36 warmongers
  Aizul (Elf:1)
  23 cacodemons
  12 deep elf elementalists
  26 curse skulls
  13 angels
  41 draconian stormcallers
  6 ghouls
  6 war gargoyles
  53 entropy weavers
  54 very ugly things
  80 draconian annihilators
  36 reapers
  4 caustic shrike skeletons
  4 juggernaut skeletons
  24 ironheart preservers
  6 juggernaut zombies
  A spriggan defender (Depths:3)
  67 stone giants
  7 ophanim
  An entropy weaver (shapeshifter) (Depths:1)
  30 vampire knights
  2 stone giants (shapeshifter)
  51 blood saints
  20 bennus
  35 deep elf demonologists
  47 black draconians
  9 dire elephants (Zig:22)
  15 apis (Zig:26)
  40 green draconians
  45 purple draconians
  29 lorocyprocas
  39 yellow draconians
  3 dire elephants (shapeshifter)
  54 deep elf annihilators
  41 white draconians
  25 spark wasps
  45 red draconians
  43 blizzard demons
  6 crystal guardians
  41 merfolk javelineers
  50 green deaths
  26 ettins
  Josephine (D:13)
  55 mummy priests
  The ghost of waddelsworth the Earth Mage, a journeyman GrEE (Lair:5)
  19 deep elf death magi
  17 death oozes
  32 great orbs of eyes
  2 quicksilver dragon zombies
  30 fire dragons
  31 deep elf high priests
  5 jiangshi
  22 eidola
  12 merfolk impalers
  Harold (D:10)
  32 naga warriors
  25 ice dragons
  2 monstrous demonspawn
  41 yaktaur captains
  88 hydras
  An ice dragon (shapeshifter) (Vaults:5)
  20 hell beasts
  18 rakshasas
  18 ghost crabs
  11 catoblepae
  25 spriggan air magi
  23 two-headed ogres
  A merfolk avatar (Zig:9)
  38 vault guards
  31 centaur warriors
  3 anacondas (shapeshifter)
  12 anacondas
  21 shambling mangroves
  An alligator (shapeshifter) (Zig:21)
  63 dancing weapons
  20 merfolk aquamancers
  5 alligator snapping turtles (shapeshifter)
  12 death yaks
  9 deep troll shamans
  11 death knights
  27 ogre magi
  3 two-headed ogres (shapeshifter)
  38 alligators
  3 juggernaut simulacra
  6 hell hogs
  25 satyrs
  55 death scarabs
  5 tengu warriors
  2 spriggan berserkers (Swamp:4)
  36 vampire magi
  4 deep troll earth magi
  31 orc high priests
  2 shock serpents (shapeshifter)
  9 titan zombies
  46 deep elf knights
  43 thrashing horrors
  Urug (Lair:1)
  An iron golem (Zig:8)
  31 shock serpents
  4 storm dragon zombies
  62 naga sharpshooters
  30 hell knights
  Sonja (Orc:1)
  13 soul eaters
  8 fire crabs (Zig:17)
  6 titan skeletons
  6 sun demons
  5 iron trolls (shapeshifter)
  8 storm dragon skeletons
  15 sixfirhies
  7 iron trolls
  185 slime creatures
  19 shadow wraiths
  3 anaconda zombies
  65 wretched stars
  2 deep trolls (shapeshifter)
  23 spriggan druids
  A spark wasp zombie (Depths:4)
  24 deep trolls
  7 golden dragon zombies
  An unseen horror (shapeshifter) (Zig:1)
  60 skeletal warriors
  43 swamp dragons
  15 spatial maelstroms
  37 death drakes
  16 wizards
  16 glowing orange brains
  A glowing orange brain (shapeshifter) (Zig:17)
  7 unseen horrors
  35 flayed ghosts
  7 sea snakes
  14 cherubim
  3 infernal demonspawn
  16 salamander mystics
  6 golden dragon skeletons
  5 shadow dragon zombies
  15 naga ritualists
  3 obsidian statues
  2 sea snakes (shapeshifter)
  4 gelid demonspawn
  24 shadow demons
  A torturous demonspawn (Zig:15)
  2 death drakes (shapeshifter)
  A lindwurm (shapeshifter) (Vaults:5)
  24 harpies
  6 sphinx zombies
  An anaconda skeleton (Abyss:2)
  25 phantasmal warriors
  32 orc knights
  5 orange crystal statues
  16 necromancers
  55 deep elf archers
  92 wolf spiders
  A harpy (shapeshifter) (Zig:25)
  23 ironbrand convokers
  3 frost giant zombies
  A shining eye (shapeshifter) (Zig:7)
  A mana viper (shapeshifter) (Depths:1)
  4 wolf spiders (shapeshifter)
  97 orb spiders
  2 wolf spider zombies (Crypt:3)
  2 orb spiders (shapeshifter)
  175 deep elf magi
  2 stone giant zombies
  23 fauns
  7 salamanders
  3 sphinx skeletons
  21 manticores
  9 mana vipers
  6 shadow dragon skeletons
  33 cyclopes
  2 fire giant zombies
  A salamander (shapeshifter) (Vaults:5)
  8 tengu skeletons
  30 orc sorcerers
  61 ugly things
  10 worldbinders
  7 iron dragon zombies
  A faun (shapeshifter) (Zig:17)
  5 frost giant skeletons
  2 oklob plants (Lair:3)
  33 shining eyes
  20 elephants
  66 moths of wrath
  Joseph (D:8)
  A moth of wrath (shapeshifter) (Zig:21)
  5 stone giant skeletons
  34 apocalypse crabs
  3 elephants (shapeshifter)
  3 fire giant skeletons (Zig:6)
  82 black mambas
  9 merfolk sirens
  50 naga magi
  A black mamba (shapeshifter) (Depths:3)
  16 water nymphs
  A guardian serpent (shapeshifter) (Zig:15)
  21 vault sentinels
  An ice statue (IceCv)
  5 iron dragon skeletons
  A titan simulacrum (Zig:21)
  An eye of devastation (shapeshifter) (Zig:15)
  Maggie (D:6)
  11 rust devils
  2 water nymphs (shapeshifter)
  Psyche (D:8)
  62 smoke demons
  9 gargoyles
  A torpor snail (shapeshifter) (Vaults:5)
  A spiny frog (shapeshifter) (Zig:1)
  29 orange demons
  52 torpor snails
  31 guardian serpents
  16 efreet
  24 eyes of devastation
  24 hellions
  A dire elephant skeleton (Crypt:1)
  15 komodo dragons
  23 rime drakes
  40 spiny frogs
  24 ice devils
  3 anaconda simulacra (IceCv)
  24 freezing wraiths
  92 yaktaurs
  53 demonic crawlers
  47 tormentors
  A redback zombie (D:15)
  44 ancient zymes
  5 tengu conjurers
  A yaktaur (shapeshifter) (Depths:1)
  A yaktaur skeleton (Zig:1)
  A green draconian skeleton (Abyss:2)
  A merfolk (shapeshifter) (Vaults:5)
  141 guardian mummies
  A troll (shapeshifter) (Zig:26)
  47 merfolk
  15 hellwings
  2 queen bees (shapeshifter)
  3 wind drakes
  3 meliai (Spider:2)
  2 hydra zombies (Crypt:3)
  A meliai (shapeshifter) (Zig:25)
  18 red devils
  3 silent spectres
  85 jumping spiders
  17 trolls
  71 hornets
  A hornet (shapeshifter) (Depths:2)
  2 polar bears (Zig:22)
  A golden dragon simulacrum (IceCv)
  2 jumping spiders (shapeshifter)
  Grinder (D:6)
  2 polar bears (shapeshifter)
  24 bog bodies
  4 raiju (shapeshifter)
  24 blink frogs
  2 harpy skeletons
  An iron dragon simulacrum (Zig:13)
  20 tyrant leeches
  A blink frog (shapeshifter) (Depths:4)
  2 fire dragon zombies (Crypt:3)
  3 dream sheep (shapeshifter)
  A hydra skeleton (Tomb:2)
  40 raiju
  2 fire giant simulacra
  26 hippogriffs
  An alligator zombie (Crypt:3)
  8 snapping turtles (Zig:24)
  7 dream sheep
  A slime creature (shapeshifter) (Zig:5)
  11 spriggan zombies
  15 air elementals
  2 ice dragon skeletons
  34 ynoxinuls
  4 hippogriffs (shapeshifter)
  12 shadows
  119 large abominations
  A redback (shapeshifter) (Zig:8)
  A black mamba zombie (Crypt:1)
  69 flying skulls
  A fire dragon skeleton (Zig:2)
  2 ettin skeletons
  4 vampires
  11 elf skeletons
  15 elf zombies
  7 spriggan skeletons
  63 tarantellas
  126 redbacks
  13 spriggans
  2 spriggans (shapeshifter)
  40 water elementals
  A tarantella (shapeshifter) (Zig:21)
  9 wyverns
  71 ushabtiu
  29 wraiths
  A wyvern (shapeshifter) (Zig:17)
  16 golden eyes
  48 yaks
  10 humans
  A hog (Spider:2)
  A hog (shapeshifter) (Zig:23)
  4 fire bats (Abyss:2)
  8 basilisks
  Grum (D:8)
  A catoblepas simulacrum (Lair:5)
  33 neqoxecs
  9 hungry ghosts
  40 chaos spawn
  33 vampire mosquitoes
  24 fire elementals
  5 swamp worms (shapeshifter)
  4 harpy simulacra (IceCv)
  24 insubstantial wisps
  Edmund (D:4)
  20 nagas
  12 swamp worms
  3 spatial vortices (Zig:12)
  An elf simulacrum (Zig:23)
  13 wargs
  A soldier ant (D:14)
  An acid dragon (D:12)
  6 hydra simulacra
  An acid dragon (shapeshifter) (Vaults:4)
  An iron troll simulacrum (IceCv)
  Duvessa (D:5)
  8 porcupines
  11 floating eyes
  21 water moccasins
  19 hell hounds
  7 sky beasts
  2 floating eyes (shapeshifter)
  34 swamp drakes
  A hornet zombie (D:15)
  A human skeleton (Zig:11)
  13 ice beasts
  116 orc warriors
  A spiny frog skeleton (Tomb:1)
  An ettin simulacrum (IceCv)
  2 black bears (shapeshifter)
  A black bear (Lair:3)
  36 eyes of draining
  3 human zombies (Vaults:1)
  47 ogres
  A swamp dragon zombie (Crypt:1)
  2 ice dragon simulacra
  A manticore zombie (Crypt:3)
  2 phantoms (D:11)
  A black mamba simulacrum (Lair:5)
  6 necrophages
  164 starcursed masses
  12 boggarts
  An ogre (shapeshifter) (Depths:3)
  An eye of draining (shapeshifter) (Zig:26)
  An alligator simulacrum (IceCv)
  21 wolves
  51 centaurs
  A swamp dragon skeleton (Crypt:3)
  A crocodile (shapeshifter) (Zig:24)
  15 crocodiles
  13 earth elementals
  6 big kobolds
  18 bullfrogs
  2 glowing shapeshifter simulacra
  2 gnoll sergeants
  A wyvern zombie (D:10)
  A wyvern skeleton (D:11)
  Dowan (D:5)
  63 small abominations
  5 scorpions
  4 killer bees (D:11)
  A swamp dragon simulacrum (IceCv)
  2 elephant simulacra
  A killer bee (shapeshifter) (Vaults:5)
  A troll skeleton (Crypt:1)
  25 wights
  A torpor snail simulacrum (Lair:5)
  An electric eel (Elf:3)
  5 howler monkeys
  2 centaur zombies (Ossuary)
  3 crimson imps
  A draconian simulacrum (IceCv)
  4 jellies
  7 quasits
  A bullfrog skeleton (D:4)
  7 bullfrog zombies
  5 hounds
  3 iron imps
  34 orc priests
  25 orc wizards
  5 centaur skeletons
  7 iguanas
  11 worker ants
  A hell rat (Lair:5)
  5 troll simulacra (IceCv)
  4 spriggan simulacra (IceCv)
  2 killer bee zombies
  A wolf simulacrum (IceCv)
  7 tengu zombies
  A centaur simulacrum (D:11)
  A naga skeleton (Crypt:2)
  A crocodile skeleton (Crypt:2)
  4 hound skeletons
  3 hound zombies
  228 mummies
  3 howler monkey zombies
  2 worker ant zombies (Ossuary)
  22 adders
  6 gnolls
  2 howler monkey skeletons
  An ogre simulacrum (IceCv)
  A naga simulacrum (IceCv)
  9 river rats
  5 shadow imps
  24 white imps
  8 ufetubi
  6 oozes
  An adder skeleton (D:6)
  5 adder zombies
  An iguana skeleton (Crypt:1)
  A worm (shapeshifter) (Vaults:4)
  4 worms
  2 dart slugs
  9 leopard geckos
  89 orcs
  8 giant cockroaches
  8 goblins
  12 hobgoblins
  9 jackals
  33 kobolds
  6 quokkas
  5 ball pythons
  18 bats
  5 frilled lizards
  A goblin zombie (D:4)
  3 jackal zombies
  A leopard gecko zombie (D:5)
  An orc skeleton (Crypt:1)
  An orc zombie (Crypt:3)
  13 rats
  A rat zombie (D:4)
  316 blocks of ice
  42 briar patches
  15 crawling corpses
  441 fire vortices
  A fungus (Lair:6)
  A lurking horror (Abyss:2)
  11 plants
  28 starspawn tentacles
10883 creatures vanquished.

Vanquished Creatures (collateral kills)
  An Ice Fiend (Zig:14)
  3 Orb Guardians (Zot:5)
  2 pandemonium lords
  4 acid blobs
  A shadow dragon (Depths:4)
  An ancient champion (Zig:10)
  A nagaraja (Zig:12)
  A frost giant (Depths:4)
  2 draconian scorchers (Zig:11)
  A curse skull (Zig:10)
  A balrug (Zig:23)
  An emperor scorpion (Zig:20)
  An ironheart preserver (Zig:21)
  A very ugly thing (Depths:4)
  An apis (Zig:26)
  An entropy weaver (Zig:16)
  2 black draconians (Zig:11)
  A red draconian (Depths:5)
  A purple draconian (Zot:4)
  A mummy priest (Zig:13)
  A quicksilver dragon zombie (Zig:6)
  2 great orbs of eyes
  A death scarab (Zig:16)
  A skeletal warrior (Zig:6)
  A slime creature (Zig:20)
  A cherub (Zig:26)
  A golden dragon zombie (Zig:25)
  A glowing orange brain (Zig:21)
  An orc knight (Vaults:2)
  A frost giant zombie (Zig:5)
  A deep elf mage (Zig:4)
  An elf zombie (Zig:23)
  A demonic crawler (Zig:11)
  An ancient zyme (Zig:25)
  A hornet (Zig:11)
  A water elemental (Zig:24)
  2 ushabtiu
  A chaos spawn (Zig:13)
  A small abomination (Zig:25)
  A large abomination (Zig:25)
  A floating eye (Zig:19)
  2 orc warriors (Vaults:2)
  8 starcursed masses
  3 mummies
  A white imp (Zig:6)
  An orc (D:13)
66 creatures vanquished.

Vanquished Creatures (others)
  A Killer Klown (Zig:17)
  A golden dragon (Zig:19)
  2 pandemonium lords (Zig:21)
  A Tzitzimitl (Zig:15)
  An Executioner (Zig:17)
  3 deep elf master archers
  2 nagarajas
  A blood saint (Zig:16)
  A deep elf sorcerer (Zig:22)
  A balrug (Zig:17)
  3 stone giants
  A deep elf demonologist (Zig:26)
  A deep elf annihilator (Zig:24)
  3 merfolk javelineers (Zig:27)
  A green death (Zig:17)
  A yaktaur captain (Zig:27)
  A hydra (Swamp:4)
  A spriggan air mage (Depths:2)
  An anaconda (Zig:12)
  A centaur warrior (Zig:27)
  An alligator (Zig:7)
  A satyr (Zig:18)
  A shock serpent (Zig:12)
  A wretched star (Zig:26)
  A deep troll (Vaults:3)
  A phantasmal warrior (Depths:2)
  A deep elf archer (Zig:24)
  2 swamp dragons
  A cyclops (Zig:18)
  2 deep elf magi
  A faun (Zig:27)
  2 yaktaurs (Vaults:3)
  An ancient zyme (Zig:23)
  A tyrant leech (Swamp:4)
  A hornet (Zig:7)
  2 water elementals
  An air elemental (Zig:24)
  2 humans
  A large abomination (Abyss:2)
  A chaos spawn (Zig:7)
  A neqoxec (Zig:21)
  An insubstantial wisp (Zig:16)
  A swamp drake (Swamp:4)
  2 orc warriors (Orc:2)
  An eye of draining (shapeshifter) (Zig:25)
  An ufetubus (IceCv)
  63 blocks of ice
  3 briar patches
  A crawling corpse (Zig:26)
  719 fire vortices
  14 fungi
  2 lurking horrors (Abyss:2)
  9 plants
  33 starspawn tentacles
  45 withered plants
949 creatures vanquished.

Grand Total: 11898 creatures vanquished

Notes
Turn   | Place    | Note
-------+----------+-------------------------------------------
     0 | D:1      | Hartz the Gargoyle Earth Elementalist began the quest for
                  | the Orb.
     0 | D:1      | Reached XP level 1. HP: 10/10 MP: 3/3
   217 | D:1      | Reached XP level 2. HP: 12/15 MP: 5/5
   748 | D:1      | Reached XP level 3. HP: 19/19 MP: 6/6
   753 | D:1      | Learned a level 3 spell: Stone Arrow
  1208 | D:2      | Reached skill level 1 in Conjurations
  1229 | D:2      | Reached XP level 4. HP: 9/24 MP: 8/8
  1783 | D:2      | Found a bloodstained altar of Trog.
  1787 | D:2      | Reached skill level 5 in Earth Magic
  1849 | D:2      | Reached XP level 5. HP: 28/28 MP: 9/9
  1864 | D:2      | Learned a level 5 spell: Lee's Rapid Deconstruction
  2157 | D:3      | Found a glowing drain.
  2185 | Sewer    | Entered a sewer
  2426 | Sewer    | Noticed a big kobold
  2427 | Sewer    | Noticed a big kobold
  2442 | Sewer    | Killed a big kobold
  2442 | Sewer    | Reached XP level 6. HP: 16/32 MP: 8/11
  3019 | Sewer    | Reached XP level 7. HP: 30/36 MP: 7/13
  3808 | D:4      | Found a staircase to the Ecumenical Temple.
  3811 | D:4      | Found a sand-covered staircase.
  3824 | Ossuary  | Entered an ossuary
  3966 | Ossuary  | Reached skill level 5 in Spellcasting
  4007 | Ossuary  | Reached skill level 5 in Conjurations
  4007 | Ossuary  | Reached XP level 8. HP: 18/41 MP: 5/15
  5171 | Temple   | Entered the Ecumenical Temple
  5184 | Temple   | Became a worshipper of Vehumet
  5198 | D:4      | Found a shadowy altar of Dithmenos.
  5354 | D:4      | Found a shattered altar of Ashenzari.
  5354 | D:4      | Found a stormy altar of Qazlal.
  5355 | D:4      | Found an iron altar of Okawaru.
  5386 | D:4      | Found an opulent altar of Gozag.
  5551 | D:4      | Noticed Edmund
  5593 | D:4      | Killed Edmund
  5989 | D:5      | Entered Level 5 of the Dungeon
  5991 | D:5      | Reached skill level 1 in Fighting
  6015 | D:5      | Reached skill level 1 in Armour
  6130 | D:5      | Reached skill level 1 in Maces & Flails
  6198 | D:5      | Reached skill level 1 in Evocations
  6203 | D:5      | Noticed Dowan
  6211 | D:5      | Killed Dowan
  6251 | D:5      | Noticed Duvessa
  6278 | D:5      | Killed Duvessa
  6778 | D:5      | Reached * piety under Vehumet
  6778 | D:5      | Offered knowledge of Magic Dart by Vehumet.
  6851 | D:5      | Reached XP level 9. HP: 48/48 MP: 4/17
  7007 | D:5      | Found a hide-covered altar of Uskayaw.
  7263 | D:6      | Noticed Maggie
  7582 | D:6      | Killed Maggie
  8497 | D:6      | Gained mutation: Your magical capacity is low. (-10% MP)
                  | [potion of mutation]
  8497 | D:6      | Gained mutation: Your flesh is heat resistant. (rF+)
                  | [potion of mutation]
  8497 | D:6      | Gained mutation: Your muscles are strong. (Str +2) [potion
                  | of mutation]
  8637 | D:6      | Noticed Grinder
  8644 | D:6      | Killed Grinder
  8644 | D:6      | Reached ** piety under Vehumet
  8644 | D:6      | Offered knowledge of Foxfire by Vehumet.
  8757 | D:6      | Reached XP level 10. HP: 56/56 MP: 17/17
  9679 | D:8      | Noticed Psyche
  9684 | D:8      | Killed Psyche
  9693 | D:8      | Lost mutation: Your muscles are strong. (Str +2) [potion of
                  | mutation]
  9693 | D:8      | Lost mutation: Your magical capacity is low. (-10% MP)
                  | [potion of mutation]
  9693 | D:8      | Gained mutation: Your flesh is very heat resistant. (rF++)
                  | [potion of mutation]
  9693 | D:8      | Gained mutation: You are agile. (Dex +2) [potion of
                  | mutation]
  9693 | D:8      | Gained mutation: You have sharp toenails. [potion of
                  | mutation]
  9967 | D:8      | Noticed Joseph
  9975 | D:8      | Killed Joseph
 10040 | D:8      | Noticed Grum
 10049 | D:8      | Killed Grum
 10173 | D:8      | Killed an unseen horror
 10384 | D:8      | Reached XP level 11. HP: 54/62 MP: 21/21
 10551 | D:8      | Offered knowledge of Ignite Poison by Vehumet.
 10551 | D:8      | Reached skill level 5 in Fighting
 10899 | D:9      | Reached *** piety under Vehumet
 10911 | D:9      | Identified the +1 plate armour "Suokk" {rPois rN+ Int+3
                  | Dex-5}
 11180 | D:9      | Reached skill level 5 in Armour
 11184 | D:9      | Offered knowledge of Olgreb's Toxic Radiance by Vehumet.
 11384 | D:9      | Learned a level 4 spell: Olgreb's Toxic Radiance
 11388 | D:9      | Learned a level 3 spell: Dazzling Flash
 11412 | D:9      | Found Jurolagg's Armour Emporium.
 11421 | D:9      | Bought a +1 helmet of see invisible for 181 gold pieces
 11771 | D:10     | Entered Level 10 of the Dungeon
 11780 | D:10     | Found the +7 great mace "Firestarter" {inner flame, rF++}
 11848 | D:10     | Reached skill level 5 in Maces & Flails
 11992 | D:10     | Noticed Harold
 12010 | D:10     | Killed Harold
 12010 | D:10     | Reached **** piety under Vehumet
 12266 | D:10     | Noticed a two-headed ogre
 12272 | D:10     | Killed a two-headed ogre
 12469 | D:11     | Offered knowledge of Lightning Bolt by Vehumet.
 12476 | D:11     | Reached skill level 5 in Evocations
 12478 | D:11     | Reached skill level 10 in Earth Magic
 12502 | D:11     | Noticed a two-headed ogre
 12505 | D:11     | Killed a two-headed ogre
 12538 | D:11     | Noticed a two-headed ogre
 12539 | D:11     | Found a burning altar of Makhleb.
 12539 | D:11     | Noticed an unseen horror
 12540 | D:11     | Reached skill level 5 in Dodging
 12543 | D:11     | Identified the ring of Recklessness {rPois rF+ EV+5}
 12543 | D:11     | Noticed a tengu warrior
 12545 | D:11     | Noticed a manticore
 12546 | D:11     | Killed an unseen horror
 12546 | D:11     | Killed a two-headed ogre
 12546 | D:11     | Reached XP level 12. HP: 51/70 MP: 6/23
 12749 | D:11     | Killed a tengu warrior
 12868 | D:11     | Identified the amulet "Uwnueqam" {Gourm *Corrode rPois MP-9
                  | Dex+8}
 12934 | D:11     | Reached ***** piety under Vehumet
 12984 | D:11     | Noticed a seven-headed hydra
 12990 | D:11     | Killed a seven-headed hydra
 13024 | D:11     | Found a staircase to the Lair.
 13033 | D:11     | Offered knowledge of Iskenderun's Battlesphere by Vehumet.
 13543 | D:11     | Found a staircase to the Orcish Mines.
 13579 | D:11     | Got a translucent tin ring
 13580 | D:11     | Identified the ring of the Coward {rN+ Int-4 Dex+4 Stlth+}
                  | (You found it on level 11 of the Dungeon)
 13598 | D:11     | Got a faintly glowing steel ring
 13599 | D:11     | Identified the ring of Xom's Malicious Joy {rPois MR+ Str-5
                  | Int+2 Dex+3} (You found it on level 11 of the Dungeon)
 14296 | D:12     | Reached XP level 13. HP: 74/78 MP: 25/25
 14591 | D:13     | Found Ubeninn's Food Boutique.
 14629 | D:13     | Identified a scroll of acquirement
 14629 | D:13     | Identified the ring of Plog {AC+1 Int+6} (You acquired it
                  | on level 13 of the Dungeon)
 14693 | D:13     | Noticed Josephine
 14701 | D:13     | Killed Josephine
 14830 | D:13     | Reached skill level 10 in Conjurations
 15290 | D:13     | Found a portal to a secret trove of treasure.
 15358 | D:14     | Offered knowledge of Hailstorm by Vehumet.
 15576 | D:14     | Found Yvuhimo's Antique Weapon Shop.
 15587 | D:14     | Found Mim Tise's Armour Emporium.
 15590 | D:14     | Bought a +0 cloak of invisibility for 172 gold pieces
 15951 | D:14     | Learned a level 6 spell: Iron Shot
 15957 | D:14     | Learned a level 5 spell: Bolt of Magma
 16072 | D:14     | Found Ofoiptumm's Antique Weapon Boutique.
 16124 | D:14     | Found Reech's Antique Weapon Shop.
 16146 | D:14     | Found Yponk's Jewellery Emporium.
 16231 | D:14     | Noticed a vault guard
 16231 | D:14     | Noticed a vault guard
 16231 | D:14     | Noticed a vault guard
 16242 | D:14     | Killed a vault guard
 16246 | D:14     | Killed a vault guard
 16249 | D:14     | Killed a vault guard
 16249 | D:14     | Gained mutation: Your large and strong wings let you fly
                  | indefinitely. [Gargoyle growth]
 16249 | D:14     | Reached XP level 14. HP: 55/86 MP: 27/27
 16321 | D:14     | Found a gate to the Vaults.
 16609 | Lair:1   | Entered Level 1 of the Lair of Beasts
 16813 | Lair:1   | Noticed Urug
 16823 | Lair:1   | Killed Urug
 16823 | Lair:1   | Reached skill level 1 in Fire Magic
 17822 | Lair:2   | Found a hole to the Spider Nest.
 18916 | Lair:3   | Offered knowledge of Fireball by Vehumet.
 18936 | Lair:3   | Learned a level 5 spell: Fireball
 19799 | Lair:4   | Reached skill level 10 in Fighting
 19823 | Lair:4   | Reached skill level 10 in Spellcasting
 19910 | Lair:4   | Reached XP level 15. HP: 63/92 MP: 13/29
 19915 | Lair:4   | Reached skill level 5 in Fire Magic
 20403 | Lair:4   | Found a staircase to the Swamp.
 20854 | Lair:5   | Noticed waddelsworth's ghost (journeyman GrEE)
 20920 | Lair:5   | Found a runed translucent gate.
 20920 | Lair:5   | Found a runed translucent gate.
 20920 | Lair:5   | Found a runed translucent gate.
 21188 | Lair:5   | Offered knowledge of Orb of Destruction by Vehumet.
 21377 | Lair:5   | Found a runed translucent door.
 21378 | Lair:5   | Found a viscous altar of Jiyva.
 21380 | Lair:5   | Noticed an acid blob
 21381 | Lair:5   | Noticed an acid blob
 21382 | Lair:5   | Found a staircase to the Slime Pits.
 21879 | Lair:5   | Killed an acid blob
 21879 | Lair:5   | Killed an acid blob
 22102 | Lair:5   | Killed waddelsworth's ghost
 22212 | Lair:5   | Got the ring "Cazeli" {Fire}
 22226 | Lair:5   | Identified the ring "Cazeli" {Fire rN+ Int+2} (You found it
                  | on level 5 of the Lair of Beasts)
 22266 | Lair:6   | Entered Level 6 of the Lair of Beasts
 22817 | Lair:6   | Offered knowledge of Ozocubu's Refrigeration by Vehumet.
 23136 | Lair:6   | Reached XP level 16. HP: 74/99 MP: 11/30
 23197 | Lair:6   | Got a steaming glass ring
 23200 | Lair:6   | Identified the ring "Muemn" {+Inv rPois} (You found it on
                  | level 6 of the Lair of Beasts)
 23537 | Orc:1    | Entered Level 1 of the Orcish Mines
 23537 | Orc:1    | Found Anuew's Antique Armour Boutique.
 23543 | Orc:1    | Noticed Sonja
 23683 | Orc:1    | Killed Sonja
 23690 | Orc:1    | Found a roughly hewn altar of Beogh.
 23707 | Orc:1    | Bought a heavy robe for 153 gold pieces
 23707 | Orc:1    | Identified the cursed +1 robe of Birdsong {Dex+4} (You
                  | bought it in a shop on level 1 of the Orcish Mines)
 23709 | Orc:1    | Bought a pair of runed gloves for 202 gold pieces
 23942 | D:14     | Bought a +2 pair of boots of running for 622 gold pieces
 24067 | Orc:2    | Entered Level 2 of the Orcish Mines
 24173 | Orc:2    | Reached skill level 10 in Maces & Flails
 24212 | Orc:2    | Found Nimok's Distillery.
 24297 | Orc:2    | Found a staircase to the Elven Halls.
 24360 | Orc:2    | Found Xom Boe's Armour Shop.
 24366 | Orc:2    | Found a roughly hewn altar of Beogh.
 24673 | Orc:2    | Found Dinkecs's Food Boutique.
 24711 | Orc:2    | Offered knowledge of Starburst by Vehumet.
 25157 | Orc:2    | Learned a level 6 spell: Starburst
 25280 | Orc:2    | Bought a potion of curing for 42 gold pieces
 25523 | Orc:2    | Found Kemuuh's Gadget Shoppe.
 25523 | Orc:2    | Found Aham's Antique Weapon Emporium.
 25523 | Orc:2    | Found a one-way gate leading to the halls of Pandemonium.
 26050 | D:15     | Entered Level 15 of the Dungeon
 26246 | D:15     | Found a staircase to the Depths.
 26835 | Elf:1    | Entered Level 1 of the Elven Halls
 26848 | Elf:1    | Offered knowledge of Conjure Ball Lightning by Vehumet.
 26901 | Elf:1    | Found a radiant altar of Vehumet.
 27433 | Elf:1    | Noticed Roxanne
 27438 | Elf:1    | Killed Roxanne
 27807 | Elf:1    | Reached XP level 17. HP: 73/104 MP: 29/32
 27808 | Elf:1    | Noticed Aizul
 27827 | Elf:1    | Killed Aizul
 27966 | Elf:1    | Identified the Incunabulum of Confrontation and Summoning
 28758 | Elf:2    | Found a runed translucent gate.
 28758 | Elf:2    | Found a runed translucent gate.
 28759 | Elf:2    | Found a runed translucent gate.
 29148 | Elf:3    | Entered Level 3 of the Elven Halls
 29178 | Elf:3    | Reached skill level 10 in Fire Magic
 29257 | Elf:3    | Reached ****** piety under Vehumet
 29338 | Elf:3    | Found Qigyoc's Jewellery Boutique.
 29338 | Elf:3    | Found Beipy's Gadget Emporium.
 29339 | Elf:3    | Found Huuloul's Gadget Emporium.
 30088 | Elf:3    | Noticed Asterion
 30100 | Elf:3    | Killed Asterion
 30487 | Elf:3    | Reached XP level 18. HP: 112/112 MP: 5/33
 30512 | Elf:3    | Noticed an Ice Fiend
 30514 | Elf:3    | Noticed an Ice Fiend
 30520 | Elf:3    | HP: 5/112 [deep elf sorcerer/damnation (39)]
 30866 | Elf:3    | Cast into level 2 of the Abyss (a deep elf demonologist)
 31187 | Abyss:2  | Found a corrupted altar of Lugonu.
 31314 | Abyss:2  | Found a corrupted altar of Lugonu.
 31337 | Abyss:2  | Found a corrupted altar of Lugonu.
 31378 | Abyss:2  | Reached skill level 10 in Dodging
 31384 | Elf:3    | Escaped the Abyss
 31505 | Elf:3    | Noticed a deep elf master archer
 31510 | Elf:3    | Killed a deep elf master archer
 31899 | Elf:3    | Noticed a deep elf master archer
 31903 | Elf:3    | Killed a deep elf master archer
 32047 | Elf:3    | Offered knowledge of Lehudib's Crystal Spear by Vehumet.
 32047 | Elf:3    | Offered knowledge of Glaciate by Vehumet.
 32047 | Elf:3    | Offered knowledge of Chain Lightning by Vehumet.
 32130 | Elf:3    | Reached skill level 15 in Earth Magic
 32413 | Elf:3    | Noticed a deep elf blademaster
 32416 | Elf:3    | Cast into level 2 of the Abyss (a deep elf demonologist)
 32419 | Abyss:2  | Found a corrupted altar of Lugonu.
 32500 | Abyss:2  | Found a corrupted altar of Lugonu.
 32558 | Abyss:2  | Gained mutation: Your magical capacity is low. (-10% MP) [a
                  | neqoxec]
 32677 | Abyss:2  | Noticed a lich
 32678 | Abyss:2  | Paralysed by a lich for 3 turns
 32694 | Abyss:2  | Paralysed by a lich for 2 turns
 32703 | Abyss:2  | Killed a lich
 32703 | Abyss:2  | Reached skill level 10 in Evocations
 32703 | Abyss:2  | Reached XP level 19. HP: 45/82 MP: 2/24
 32746 | Abyss:2  | Found a corrupted altar of Lugonu.
 32913 | Abyss:2  | Gained mutation: Your body sometimes deteriorates upon
                  | taking damage. [a neqoxec]
 32919 | Elf:3    | Escaped the Abyss
 33695 | Elf:3    | Identified the +6 eveningstar of Circularity {vorpal, SInv}
 34395 | Elf:3    | Found Qigyoc's Jewellery Boutique.
 34395 | Elf:3    | Found Beipy's Gadget Emporium.
 34396 | Elf:3    | Found Huuloul's Gadget Emporium.
 35164 | Swamp:1  | Entered Level 1 of the Swamp
 35641 | Swamp:1  | Lost mutation: Your magical capacity is low. (-10% MP)
                  | [potion of mutation]
 35641 | Swamp:1  | Lost mutation: You have sharp toenails. [potion of
                  | mutation]
 35641 | Swamp:1  | Lost mutation: Your body sometimes deteriorates upon taking
                  | damage. [potion of mutation]
 35641 | Swamp:1  | Gained mutation: You are frail. (-10% HP) [potion of
                  | mutation]
 35641 | Swamp:1  | Gained mutation: Your muscles are strong. (Str +2) [potion
                  | of mutation]
 36403 | Swamp:2  | Found a frozen archway.
 36425 | IceCv    | Entered an ice cave
 37529 | Swamp:2  | Noticed Frances
 37548 | Swamp:2  | Killed Frances
 38059 | Swamp:2  | Reached XP level 20. HP: 54/111 MP: 29/36
 38107 | Swamp:2  | You are sucked into a shaft and drop 1 floor!
 38342 | Swamp:2  | Identified the Reference Book on Arcane Weapons (You
                  | acquired it on level 2 of the Swamp)
 39151 | Swamp:4  | Entered Level 4 of the Swamp
 39229 | Swamp:4  | Noticed Louise
 39270 | Swamp:4  | Killed Louise
 39488 | Spider:1 | Entered Level 1 of the Spider Nest
 40171 | Spider:1 | Identified the +1 leather armour of Isynuf {rPois rF- rN+++
                  | Int-5} (You found it on level 1 of the Spider Nest)
 40560 | Spider:2 | Noticed Kirke
 40588 | Spider:2 | Killed Kirke
 40771 | Spider:2 | Lost mutation: Your muscles are strong. (Str +2) [potion of
                  | mutation]
 40771 | Spider:2 | Lost mutation: You are agile. (Dex +2) [potion of mutation]
 40771 | Spider:2 | Lost mutation: You are frail. (-10% HP) [potion of
                  | mutation]
 40771 | Spider:2 | Gained mutation: You have sharp toenails. [potion of
                  | mutation]
 40771 | Spider:2 | Gained mutation: Your body sometimes deteriorates upon
                  | taking damage. [potion of mutation]
 40771 | Spider:2 | Gained mutation: Your skin changes colour to match your
                  | surroundings (Stealth+). [potion of mutation]
 41649 | Spider:4 | Entered Level 4 of the Spider Nest
 42886 | Spider:4 | Reached XP level 21. HP: 125/132 MP: 22/38
 43039 | Spider:4 | Got a gossamer rune of Zot
 43505 | Swamp:4  | Reached skill level 15 in Conjurations
 43525 | Swamp:4  | Noticed Nikola
 43599 | Swamp:4  | Killed Nikola
 44347 | Swamp:4  | Got a decaying rune of Zot
 44673 | Vaults:1 | Entered Level 1 of the Vaults
 47182 | Vaults:2 | Reached XP level 22. HP: 76/138 MP: 32/39
 47753 | Vaults:2 | Noticed Jory
 47771 | Vaults:2 | Killed Jory
 48199 | Vaults:2 | Noticed Donald
 48211 | Vaults:2 | Killed Donald
 48529 | Vaults:2 | Reached skill level 15 in Fire Magic
 48577 | Vaults:2 | Reached skill level 15 in Fighting
 48654 | Vaults:2 | Found a runed translucent gate.
 48654 | Vaults:2 | Noticed Taschum's ghost (adept DrAK)
 48654 | Vaults:2 | Identified the +4 dire flail of Karma {antimagic, *Contam
                  | rElec Dex+6 Stlth+}
 48654 | Vaults:2 | Identified the +3 plate armour "Vusa" {rN+ Str-5 Dex+4}
 48654 | Vaults:2 | Identified the cursed +0 great mace "Feevufoa" {vorpal,
                  | *Noise Int+8}
 48655 | Vaults:2 | Found a runed translucent gate.
 48655 | Vaults:2 | Found a runed translucent gate.
 48657 | Vaults:2 | Found a roughly hewn altar of Beogh.
 48657 | Vaults:2 | Identified the +8 glaive of Invincibility {pain, *Drain rF+
                  | Int+8 Dex-4}
 48769 | Vaults:2 | Killed Taschum's ghost
 49159 | Vaults:2 | Found a staircase to the Crypt.
 49159 | Vaults:2 | Found a basalt altar of Yredelemnul.
 49160 | Vaults:2 | Found an ancient bone altar of Kikubaaqudgha.
 49728 | Vaults:3 | Identified the cursed +1 quarterstaff of Disaster {freeze,
                  | Int+2} (You found it on level 3 of the Vaults)
 49806 | Vaults:3 | Learned a level 2 spell: Passwall
 50356 | Vaults:3 | Reached XP level 23. HP: 141/144 MP: 40/40
 51922 | Vaults:4 | Identified the +6 dagger of the Invisible Yaks {vorpal,
                  | rN+}
 51923 | Vaults:4 | Found a runed translucent gate.
 51923 | Vaults:4 | Found a runed translucent gate.
 51923 | Vaults:4 | Found a runed translucent gate.
 51923 | Vaults:4 | Noticed Neudybaa's ghost (adept HuFi)
 51923 | Vaults:4 | Identified the +6 rapier of Seeriz {speed, *Drain rF++}
 51963 | Vaults:4 | Found an iron altar of Okawaru.
 52552 | Vaults:4 | Learned a level 1 spell: Corona
 53405 | Vaults:4 | Learned a level 9 spell: Shatter
 53583 | Depths:1 | Entered Level 1 of the Depths
 53583 | Depths:1 | Found Uhuir's Book Boutique.
 53624 | Depths:1 | Found Nudulont's Antique Artefacts.
 53637 | Depths:1 | Bought a coiled granite ring for 195 gold pieces
 53637 | Depths:1 | Bought a brightly glowing platinum ring for 195 gold pieces
 53637 | Depths:1 | Bought a wavering glass ring for 195 gold pieces
 53637 | Depths:1 | Bought a heavily jewelled robe for 222 gold pieces
 53666 | D:15     | Identified the +1 robe of a Million Queens {rElec Int+4}
                  | (You bought it in a shop on level 1 of the Depths)
 53683 | D:15     | Identified the ring "Afu Setea" {+Fly rF+ Int+2 Stlth-}
                  | (You bought it in a shop on level 1 of the Depths)
 53685 | D:15     | Identified the cursed ring of the Three Ghosts {rC+ MR++
                  | EV-3 SInv} (You bought it in a shop on level 1 of the
                  | Depths)
 53687 | D:15     | Identified the ring of Miwkojei {rPois MR+ Str+4 Int+2}
                  | (You bought it in a shop on level 1 of the Depths)
 53761 | D:14     | Bought the amulet of Jigruv {RegenMP Int+4 Slay+3} for 754
                  | gold pieces
 53766 | D:14     | Bought an uncursed ring of wizardry for 390 gold pieces
 53869 | Depths:1 | Found a runed translucent door.
 53973 | Depths:1 | Noticed a shard shrike
 54182 | Depths:1 | Identified the +7 great mace "Goblinbane" {drain, *Drain
                  | rPois Str+8 Int-3} (You acquired it on level 1 of the
                  | Depths)
 54182 | Depths:1 | Identified the Collected Works on Unstable Heat (You
                  | acquired it on level 1 of the Depths)
 54223 | Depths:1 | Learned a level 8 spell: Ignition
 54374 | Depths:1 | Found a shattered altar of Ashenzari.
 54441 | Depths:1 | Reached XP level 24. HP: 107/152 MP: 37/41
 54708 | Depths:1 | Identified the +0 pair of boots of Dishonour {rPois Int+2}
                  | (You acquired it on level 1 of the Depths)
 54708 | Depths:1 | Identified the +5 great mace of the Equator {freeze, rElec
                  | rPois SInv Stlth-} (You acquired it on level 1 of the
                  | Depths)
 55041 | Depths:1 | Found a gateway to Hell.
 55839 | Depths:2 | You are sucked into a shaft and drop 2 floors!
 55839 | Depths:4 | Found a one-way gate to the infinite horrors of the Abyss.
 55857 | Depths:4 | Noticed a caustic shrike
 55868 | Depths:4 | Noticed a caustic shrike
 55869 | Depths:4 | Noticed a caustic shrike
 55877 | Depths:4 | HP: 6/152 [spark wasp (9)]
 55877 | Depths:4 | HP: 1/152 [spark wasp (5)]
 55893 | Depths:3 | HP: 1/152 [spriggan air mage/the air (21)]
 56698 | Depths:3 | Reached skill level 15 in Maces & Flails
 57200 | Vaults:5 | Entered Level 5 of the Vaults
 57289 | Vaults:5 | Reached XP level 25. HP: 138/159 MP: 16/41
 57290 | Vaults:5 | Reached skill level 15 in Spellcasting
 57308 | Vaults:4 | Learned a level 9 spell: Fire Storm
 58239 | Vaults:5 | Found the +8 demon blade "Leech" {vamp, *Rage +Rage rN+}
 58320 | Vaults:5 | Got a silver rune of Zot
 58323 | Vaults:5 | Got a scintillating turquoise ring
 58324 | Vaults:5 | Identified the ring of Watorph {rF+ Int+6} (You found it on
                  | level 5 of the Vaults)
 58535 | Vaults:5 | Found the +7 great mace "Undeadhunter" {disrupt, rN+}
 58540 | Vaults:5 | Found the +3 robe of Folly {Archmagi, MR-- Int+5}
 59056 | D:13     | You paid a toll of +4 storm dragon scales to enter a
                  | treasure trove
 59057 | Trove    | Entered a treasure trove
 59076 | Trove    | Found the +10 zealot's sword {holy, *Rage rN+ EV+3}
 59101 | Trove    | Identified the cursed +1 quarterstaff "Quezo" {freeze,
                  | rElec Dex+3} (You found it in a treasure trove)
 59105 | Trove    | Identified the +9 lajatang of Odoish {freeze, Fragile +Inv
                  | MR+++} (You found it in a treasure trove)
 59367 | Crypt:1  | Entered Level 1 of the Crypt
 59619 | Crypt:1  | Paralysed by a vampire knight for 6 turns
 60751 | Crypt:2  | Reached XP level 26. HP: 166/166 MP: 27/42
 60923 | Crypt:3  | Entered Level 3 of the Crypt
 62230 | Crypt:3  | Found a staircase to the Tomb.
 62750 | Crypt:3  | Identified the Handbook of Moulding and Good Luck
 63111 | Crypt:3  | Found an ancient bone altar of Kikubaaqudgha.
 63113 | Crypt:3  | Noticed an ancient lich
 63129 | Crypt:3  | Killed an ancient lich
 63141 | Crypt:3  | Noticed an ancient lich
 63145 | Crypt:3  | Killed an ancient lich
 63208 | Crypt:3  | Noticed an ancient lich
 63211 | Crypt:3  | Killed an ancient lich
 63989 | Slime:1  | Entered Level 1 of the Pits of Slime
 64066 | Slime:2  | Found a viscous altar of Jiyva.
 64322 | Slime:4  | Gained mutation: You are occasionally teleported next to
                  | monsters. [a shining eye]
 64324 | Slime:3  | Lost mutation: Your skin changes colour to match your
                  | surroundings (Stealth+). [potion of mutation]
 64324 | Slime:3  | Gained mutation: You are frail. (-10% HP) [potion of
                  | mutation]
 64324 | Slime:3  | Gained mutation: You have a pair of small horns on your
                  | head. [potion of mutation]
 64324 | Slime:3  | Gained mutation: You have an increased reservoir of magic.
                  | (+10% MP) [potion of mutation]
 64325 | Slime:3  | Lost mutation: Your flesh is very heat resistant. (rF++)
                  | [potion of mutation]
 64325 | Slime:3  | Lost mutation: Your body sometimes deteriorates upon taking
                  | damage. [potion of mutation]
 64325 | Slime:3  | Gained mutation: You are dopey. (Int -2) [potion of
                  | mutation]
 64325 | Slime:3  | Gained mutation: Your body sometimes deteriorates upon
                  | taking damage. [potion of mutation]
 64325 | Slime:3  | Gained mutation: You have sharp fingernails. [potion of
                  | mutation]
 64555 | Orc:2    | Bought a potion of mutation for 112 gold pieces
 64555 | Orc:2    | Bought a potion of mutation for 112 gold pieces
 64555 | Orc:2    | Bought a potion of mutation for 112 gold pieces
 64555 | Orc:2    | Lost mutation: You have sharp toenails. [potion of
                  | mutation]
 64555 | Orc:2    | Lost mutation: You are frail. (-10% HP) [potion of
                  | mutation]
 64555 | Orc:2    | Lost mutation: You are dopey. (Int -2) [potion of mutation]
 64555 | Orc:2    | Lost mutation: Your body sometimes deteriorates upon taking
                  | damage. [potion of mutation]
 64555 | Orc:2    | Lost mutation: You have a pair of small horns on your head.
                  | [potion of mutation]
 64555 | Orc:2    | Gained mutation: You have large cloven feet. [potion of
                  | mutation]
 64556 | Orc:2    | Lost mutation: You have an increased reservoir of magic.
                  | (+10% MP) [potion of mutation]
 64556 | Orc:2    | Lost mutation: You have large cloven feet. [potion of
                  | mutation]
 64556 | Orc:2    | Lost mutation: Your flesh is heat resistant. (rF+) [potion
                  | of mutation]
 64556 | Orc:2    | Gained mutation: Your mind is acute. (Int +2) [potion of
                  | mutation]
 64556 | Orc:2    | Gained mutation: You evolve. [potion of mutation]
 64556 | Orc:2    | Gained mutation: You are agile. (Dex +2) [potion of
                  | mutation]
 64557 | Orc:2    | Lost mutation: You evolve. [potion of mutation]
 64557 | Orc:2    | Lost mutation: Your mind is acute. (Int +2) [potion of
                  | mutation]
 64557 | Orc:2    | Lost mutation: You are occasionally teleported next to
                  | monsters. [potion of mutation]
 64557 | Orc:2    | Gained mutation: You are frail. (-10% HP) [potion of
                  | mutation]
 64557 | Orc:2    | Gained mutation: Your magical capacity is low. (-10% MP)
                  | [potion of mutation]
 64557 | Orc:2    | Gained mutation: Your spells are a little harder to cast,
                  | but a little more powerful. [potion of mutation]
 64884 | Slime:5  | Entered Level 5 of the Pits of Slime
 64921 | Slime:5  | Noticed the Royal Jelly
 64924 | Slime:5  | Killed the Royal Jelly
 65168 | Slime:5  | Identified the +3 leather armour of the Snake Pit {Int+2
                  | Dex+4 Stlth-} (You found it on level 5 of the Pits of
                  | Slime)
 65226 | Slime:5  | Got a warped tin ring
 65227 | Slime:5  | Identified the ring "Eklam" {MR+ MP+9 Str+4 Int+4} (You
                  | found it on level 5 of the Pits of Slime)
 65271 | Slime:5  | Identified the Tome of the Boosting Rocks
 65274 | Slime:5  | Got a slimy rune of Zot
 65627 | Depths:2 | Reached XP level 27. HP: 50/155 MP: 36/38
 65930 | Depths:3 | Identified the amulet "Muwk" {Reflect *Corrode rPois rF+
                  | SH+4}
 66112 | Depths:3 | Found Jaciut's Gadget Emporium.
 66118 | Depths:3 | Found Pismun's Distillery.
 66137 | Depths:3 | Bought a potion of cancellation for 128 gold pieces
 66137 | Depths:3 | Bought a potion of might for 64 gold pieces
 66137 | Depths:3 | Bought 2 potions of curing for 96 gold pieces
 66137 | Depths:3 | Bought a potion of brilliance for 64 gold pieces
 66137 | Depths:3 | Bought a potion of magic for 128 gold pieces
 67718 | Depths:4 | Identified the +1 robe of Dineraer {rF+ Slay+2}
 68896 | Depths:5 | Entered Level 5 of the Depths
 69308 | Depths:5 | Found a gateway to a ziggurat.
 69390 | Depths:5 | Reached skill level 15 in Dodging
 69660 | Depths:5 | Found a gate to the Realm of Zot.
 69883 | Depths:5 | Identified the Incunabulum of the Frostbite
 70156 | Depths:5 | Voluntarily entered the Abyss.
 70233 | Abyss:2  | Found a corrupted altar of Lugonu.
 70237 | Abyss:2  | Found a corrupted altar of Lugonu.
 71322 | Abyss:2  | Identified the +2 helmet of the Other Side {*Corrode rF+
                  | rC+ Stlth+} (You acquired it on level 2 of the Abyss)
 71322 | Abyss:2  | Identified the amulet "Akoveore" {RegenMP rElec rF+ MP-9
                  | Stlth+} (You acquired it on level 2 of the Abyss)
 71342 | Depths:5 | Escaped the Abyss
 71718 | Depths:5 | Voluntarily entered the Abyss.
 71754 | Abyss:2  | Found a corrupted altar of Lugonu.
 71761 | Abyss:2  | Got a pair of translucent boots
 71772 | Abyss:2  | Identified the +0 pair of boots of Wecwyu Kairu {Dex+9}
                  | (You found it on level 2 of the Abyss)
 71998 | Abyss:3  | Found a glowing golden altar of the Shining One.
 72014 | Abyss:3  | Noticed a juggernaut
 72030 | Abyss:3  | Got an abyssal rune of Zot
 72035 | Abyss:3  | Killed a juggernaut
 72039 | Depths:5 | Escaped the Abyss
 72538 | Zig:1    | Entered Level 1 of a ziggurat
 72566 | Zig:2    | Entered Level 2 of a ziggurat
 72606 | Zig:3    | Entered Level 3 of a ziggurat
 72636 | Zig:4    | Entered Level 4 of a ziggurat
 72784 | Zig:4    | Learned a level 9 spell: Glaciate
 72785 | Zig:5    | Entered Level 5 of a ziggurat
 72917 | Zig:6    | Entered Level 6 of a ziggurat
 72925 | Zig:6    | Reached skill level 1 in Ice Magic
 72977 | Zig:6    | Identified the cursed +0 leather armour of the Storm King
                  | {rElec rC+ Stlth-} (You found it on level 6 of a ziggurat)
 72994 | Zig:6    | Reached skill level 5 in Ice Magic
 73002 | Zig:7    | Entered Level 7 of a ziggurat
 73091 | Zig:7    | Got a fine copper ring
 73092 | Zig:7    | Identified the ring of Hedonism {+Inv MR+ Str-4 Slay+2
                  | Stlth-} (You found it on level 7 of a ziggurat)
 73099 | Zig:7    | Reached skill level 10 in Ice Magic
 73102 | Zig:8    | Entered Level 8 of a ziggurat
 73288 | Zig:9    | Entered Level 9 of a ziggurat
 73406 | Zig:9    | Found the +3 sling "Punk" {acid, rCorr}
 73414 | Zig:9    | Identified the +4 robe "Xoom" {-Cast Str+6 Dex+4 Slay+3}
                  | (You found it on level 9 of a ziggurat)
 73425 | Zig:9    | Got a flickering ruby amulet
 73426 | Zig:9    | Identified the amulet "Kugeogu" {Reflect +Fly rElec rPois
                  | MR++ SH+4} (You found it on level 9 of a ziggurat)
 73434 | Zig:9    | Reached skill level 10 in Armour
 73436 | Zig:9    | Got a brightly glowing brass amulet
 73437 | Zig:9    | Identified the amulet "Kehidd" {Harm *Drain +Fly MR+ SInv}
                  | (You found it on level 9 of a ziggurat)
 73451 | Zig:10   | Entered Level 10 of a ziggurat
 73494 | Zig:11   | Entered Level 11 of a ziggurat
 73659 | Zig:11   | Lost mutation: You are frail. (-10% HP) [potion of
                  | mutation]
 73659 | Zig:11   | Lost mutation: Your magical capacity is low. (-10% MP)
                  | [potion of mutation]
 73659 | Zig:11   | Gained mutation: Your body sometimes deteriorates upon
                  | taking damage. [potion of mutation]
 73659 | Zig:11   | Gained mutation: Your body often deteriorates upon taking
                  | damage. [potion of mutation]
 73659 | Zig:11   | Gained mutation: You have a pair of small horns on your
                  | head. [potion of mutation]
 73659 | Zig:11   | Gained mutation: You have an increased reservoir of magic.
                  | (+10% MP) [potion of mutation]
 73708 | Zig:12   | Entered Level 12 of a ziggurat
 73742 | Zig:12   | Identified the Tome of Fire
 73765 | Zig:12   | Identified the +1 robe of Jew Xog {-Cast Int+5} (You found
                  | it on level 12 of a ziggurat)
 73770 | Zig:13   | Entered Level 13 of a ziggurat
 73778 | Zig:13   | Noticed Wiuntemmu the pandemonium lord
 73782 | Zig:13   | Killed Wiuntemmu the pandemonium lord
 73784 | Zig:13   | Noticed Villokk the pandemonium lord
 73787 | Zig:13   | Killed Villokk the pandemonium lord
 73926 | Zig:13   | Noticed Nietithri the pandemonium lord
 73929 | Zig:13   | Killed Nietithri the pandemonium lord
 73999 | Zig:13   | Identified the Disquisition on the Mountains
 74006 | Zig:13   | Identified the Papyrus of Skepticism
 74022 | Zig:14   | Entered Level 14 of a ziggurat
 74125 | Zig:14   | Got a crude amber ring
 74126 | Zig:14   | Identified the ring of the Worm {Fire Str-5 Int+8} (You
                  | found it on level 14 of a ziggurat)
 74249 | Zig:15   | Entered Level 15 of a ziggurat
 74259 | Zig:15   | Noticed Sioxergh the pandemonium lord
 74259 | Zig:15   | Noticed Now Niri the pandemonium lord
 74259 | Zig:15   | Noticed Aphubuem the pandemonium lord
 74262 | Zig:15   | Killed Aphubuem the pandemonium lord
 74262 | Zig:15   | Noticed Waugha the pandemonium lord
 74264 | Zig:15   | Killed Sioxergh the pandemonium lord
 74264 | Zig:15   | Killed Now Niri the pandemonium lord
 74267 | Zig:15   | Killed Waugha the pandemonium lord
 74314 | Zig:15   | Got a clouded lead ring
 74315 | Zig:15   | Identified the ring of Duptawne {rF++ MR+ Dex-4} (You found
                  | it on level 15 of a ziggurat)
 74425 | Zig:16   | Entered Level 16 of a ziggurat
 74431 | Zig:16   | Paralysed by a floating eye for 3 turns
 74438 | Zig:16   | Paralysed by a floating eye for 3 turns
 74589 | Zig:17   | Entered Level 17 of a ziggurat
 74613 | Zig:17   | Found the +2 cloak of the Thief {+Fog Slay-2 SInv Stlth+}
 74716 | Zig:18   | Entered Level 18 of a ziggurat
 74980 | Zig:18   | Got a sparkling turquoise ring
 74981 | Zig:18   | Identified the ring of Joy {Ice *Drain rElec MR+++ Int+6}
                  | (You found it on level 18 of a ziggurat)
 75000 | Zig:19   | Entered Level 19 of a ziggurat
 75010 | Zig:19   | Reached skill level 15 in Armour
 75019 | Zig:19   | Found the +0 staff of Battle
 75047 | Zig:19   | Identified the Compendium of Floating Bewitchment
 75062 | Zig:19   | Identified the cursed ring of Feprun {Int-3 Dex+9} (You
                  | found it on level 19 of a ziggurat)
 75068 | Zig:19   | Identified the Volume of Transformation and Attacks (You
                  | acquired it on level 19 of a ziggurat)
 75081 | Zig:20   | Entered Level 20 of a ziggurat
 75090 | Zig:20   | Reached skill level 15 in Ice Magic
 75135 | Zig:20   | Identified Ipry's Guide on Creative Dislocation
 75168 | Zig:21   | Entered Level 21 of a ziggurat
 75176 | Zig:21   | Noticed an ancient lich
 75176 | Zig:21   | Noticed an ancient lich
 75178 | Zig:21   | Killed an ancient lich
 75178 | Zig:21   | Killed an ancient lich
 75180 | Zig:21   | Noticed an ancient lich
 75182 | Zig:21   | Killed an ancient lich
 75205 | Zig:21   | Found the +3 giant club "Skullcrusher" {speed, Str+7}
 75205 | Zig:21   | Found the +4 dagger "Morg" {pain, MR+ Int+5}
 75226 | Zig:21   | Identified the Guide on the Blaze and Conjuration
 75249 | Zig:21   | Identified the ring of Zado {+Inv rF- Int+5 SInv} (You
                  | found it on level 21 of a ziggurat)
 75385 | Zig:22   | Entered Level 22 of a ziggurat
 75447 | Zig:22   | Identified the +3 morningstar "Pukhimui" {protect, Str+4
                  | Dex+3 Stlth-} (You found it on level 22 of a ziggurat)
 75462 | Zig:22   | Identified the Handbook of Incorporation
 75464 | Zig:22   | Identified Ifuhoan's Disquisition on Warped Beguiling
 75477 | Zig:22   | Identified the ring "Liozxoeqint" {rCorr Str+4} (You found
                  | it on level 22 of a ziggurat)
 75492 | Zig:23   | Entered Level 23 of a ziggurat
 75508 | Zig:23   | Found the +8 lance "Wyrmbane" {slay drac, rPois rF+ rC+
                  | AC+3}
 75532 | Zig:23   | Identified the cursed +0 pair of boots of Servitude {Dex+3
                  | Stlth+} (You found it on level 23 of a ziggurat)
 75559 | Zig:23   | Got a faintly glowing silver ring
 75560 | Zig:23   | Identified the ring of Waufrejo {Dex+6 SInv} (You found it
                  | on level 23 of a ziggurat)
 75568 | Zig:24   | Entered Level 24 of a ziggurat
 75579 | Zig:24   | Reached skill level 1 in Polearms
 75781 | Zig:24   | Identified Mutaos's Catalogue of Ashen Changing
 75822 | Zig:24   | Learned a level 8 spell: Necromutation
 75823 | Zig:25   | Entered Level 25 of a ziggurat
 75831 | Zig:25   | Noticed an ancient lich
 75832 | Zig:25   | Noticed an ancient lich
 75832 | Zig:25   | Noticed an ancient lich
 75833 | Zig:25   | Noticed an ancient lich
 75833 | Zig:25   | Noticed an ancient lich
 75834 | Zig:25   | Reached skill level 1 in Transmutations
 75834 | Zig:25   | Noticed an ancient lich
 75835 | Zig:25   | Killed an ancient lich
 75835 | Zig:25   | Reached skill level 1 in Necromancy
 75835 | Zig:25   | Killed an ancient lich
 75835 | Zig:25   | Killed an ancient lich
 75835 | Zig:25   | Killed an ancient lich
 75835 | Zig:25   | Noticed an ancient lich
 75836 | Zig:25   | Killed an ancient lich
 75836 | Zig:25   | Killed an ancient lich
 75836 | Zig:25   | Reached skill level 5 in Transmutations
 75837 | Zig:25   | Killed an ancient lich
 75837 | Zig:25   | Reached skill level 5 in Necromancy
 75845 | Zig:25   | Noticed an ancient lich
 75847 | Zig:25   | Killed an ancient lich
 75885 | Zig:25   | Identified the Grimoire of Combat Magic
 75913 | Zig:26   | Entered Level 26 of a ziggurat
 75928 | Zig:26   | Reached skill level 10 in Transmutations
 75932 | Zig:26   | Reached skill level 10 in Necromancy
 75973 | Zig:26   | Identified the cursed +0 tower shield of Kied {rF+ Dex+4}
 76232 | Zig:26   | Got a pitted crystal amulet
 76233 | Zig:26   | Identified the amulet of Sool {RegenMP Fragile rElec rPois
                  | SInv} (You found it on level 26 of a ziggurat)
 76238 | Zig:26   | Identified the Almanac of Supportive Weightlessness
 76241 | Zig:26   | Got a transparent amber ring
 76242 | Zig:26   | Identified the ring of Ceala {+Fly rC+ Str+3 Dex+3} (You
                  | found it on level 26 of a ziggurat)
 76243 | Zig:26   | Identified the Catalogue of Nocuous Summoning
 76253 | Zig:26   | Got a wavering sapphire amulet
 76254 | Zig:26   | Identified the amulet of Doubts {Inacc +Blink rPois SInv}
                  | (You found it on level 26 of a ziggurat)
 76273 | Zig:27   | Entered Level 27 of a ziggurat
 76280 | Zig:27   | Noticed a greater mummy
 76283 | Zig:27   | Noticed a greater mummy
 76283 | Zig:27   | Noticed a greater mummy
 76284 | Zig:27   | Noticed a greater mummy
 76286 | Zig:27   | Noticed a greater mummy
 76287 | Zig:27   | Noticed a greater mummy
 76288 | Zig:27   | Noticed a greater mummy
 76289 | Zig:27   | Noticed a greater mummy
 76289 | Zig:27   | Noticed a greater mummy
 76289 | Zig:27   | Noticed a greater mummy
 76290 | Zig:27   | Killed a greater mummy
 76290 | Zig:27   | Killed a greater mummy
 76290 | Zig:27   | Killed a greater mummy
 76290 | Zig:27   | Reached skill level 15 in Necromancy
 76290 | Zig:27   | Killed a greater mummy
 76290 | Zig:27   | Killed a greater mummy
 76290 | Zig:27   | Killed a greater mummy
 76290 | Zig:27   | Noticed a greater mummy
 76291 | Zig:27   | Noticed a greater mummy
 76291 | Zig:27   | Noticed a greater mummy
 76291 | Zig:27   | Noticed a greater mummy
 76292 | Zig:27   | Killed a greater mummy
 76292 | Zig:27   | Noticed a greater mummy
 76293 | Zig:27   | Killed a greater mummy
 76293 | Zig:27   | Killed a greater mummy
 76294 | Zig:27   | Killed a greater mummy
 76294 | Zig:27   | Killed a greater mummy
 76294 | Zig:27   | Killed a greater mummy
 76295 | Zig:27   | Killed a greater mummy
 76295 | Zig:27   | Killed a greater mummy
 76296 | Zig:27   | Killed a greater mummy
 76296 | Zig:27   | Noticed a greater mummy
 76304 | Zig:27   | Killed a greater mummy
 76305 | Zig:27   | Noticed a greater mummy
 76307 | Zig:27   | Killed a greater mummy
 76661 | Zig:27   | Found the +0 pair of fencer's gloves {Riposte Dex+3}
 76665 | Zig:27   | Identified Nast's Reference Book on Ashen Attacks
 76684 | Zig:27   | Got a twitching silver ring
 76685 | Zig:27   | Identified the ring "Bocofiri" {rPois EV+3 Str+2 SInv} (You
                  | found it on level 27 of a ziggurat)
 76696 | Zig:27   | Identified the Collected Works on Beguiling and the Glacier
 76956 | Orc:1    | Bought a glowing hat for 189 gold pieces
 77188 | Zot:1    | Entered Level 1 of the Realm of Zot
 77214 | Zot:1    | Reached skill level 5 in Polearms
 77498 | Depths:5 | Learned a level 8 spell: Death's Door
 77519 | Zot:1    | Reached skill level 1 in Charms
 77620 | Zot:1    | Noticed an orb of fire
 77624 | Zot:1    | Killed an orb of fire
 79028 | Zot:1    | Lost mutation: You have a pair of small horns on your head.
                  | [potion of mutation]
 79028 | Zot:1    | Lost mutation: Your body often deteriorates upon taking
                  | damage. [potion of mutation]
 79028 | Zot:1    | Gained mutation: You are partially covered in rugged brown
                  | scales. (AC +1, +3% HP) [potion of mutation]
 79028 | Zot:1    | Gained mutation: Armour fits poorly on your strangely
                  | shaped body. [potion of mutation]
 79028 | Zot:1    | Gained mutation: Your flesh is heat resistant. (rF+)
                  | [potion of mutation]
 79029 | Zot:1    | Lost mutation: Armour fits poorly on your strangely shaped
                  | body. [potion of mutation]
 79029 | Zot:1    | Lost mutation: Your spells are a little harder to cast, but
                  | a little more powerful. [potion of mutation]
 79029 | Zot:1    | Lost mutation: Your body sometimes deteriorates upon taking
                  | damage. [potion of mutation]
 79029 | Zot:1    | Lost mutation: Your flesh is heat resistant. (rF+) [potion
                  | of mutation]
 79029 | Zot:1    | Gained mutation: You are dopey. (Int -2) [potion of
                  | mutation]
 79029 | Zot:1    | Gained mutation: You passively map a small area around you.
                  | [potion of mutation]
 79029 | Zot:1    | Gained mutation: Your muscles are strong. (Str +2) [potion
                  | of mutation]
 79116 | Zot:1    | Reached skill level 5 in Charms
 79635 | Zot:2    | Identified the +1 leather armour "Qoplerr" {+Fly rN+} (You
                  | found it on level 2 of the Realm of Zot)
 80101 | Zot:3    | Noticed an orb of fire
 80104 | Zot:3    | Gained mutation: Scrolls take you a little longer to read.
                  | [an orb of fire]
 80105 | Zot:3    | Killed an orb of fire
 82752 | Zot:5    | Entered Level 5 of the Realm of Zot
 82845 | Zot:5    | Found Ratzijub's Changing Room.
 82894 | Zot:5    | Bought a potion of mutation for 144 gold pieces
 83471 | Zot:5    | Noticed an ancient lich
 83476 | Zot:5    | Noticed an orb of fire
 83477 | Zot:5    | Noticed an orb of fire
 83480 | Zot:5    | Reached skill level 27 in Fighting
 83481 | Zot:5    | Killed an orb of fire
 83482 | Zot:5    | Killed an ancient lich
 83483 | Zot:5    | Noticed an ancient lich
 83486 | Zot:5    | Killed an orb of fire
 83486 | Zot:5    | Noticed an orb of fire
 83494 | Zot:5    | Killed an ancient lich
 83494 | Zot:5    | Noticed an ancient lich
 83495 | Zot:5    | Noticed an ancient lich
 83497 | Zot:5    | Killed an orb of fire
 83498 | Zot:5    | Noticed an ancient lich
 83499 | Zot:5    | Killed an ancient lich
 83499 | Zot:5    | Killed an ancient lich
 83500 | Zot:5    | Killed an ancient lich
 83503 | Zot:5    | Noticed an ancient lich
 83505 | Zot:5    | Killed an ancient lich
 86643 | Zig:1    | Entered Level 1 of a ziggurat
 86759 | Zig:2    | Entered Level 2 of a ziggurat
 86783 | Zig:3    | Entered Level 3 of a ziggurat
 86786 | Zig:3    | Noticed a greater mummy
 86787 | Zig:3    | Killed a greater mummy
 86828 | Zig:4    | Entered Level 4 of a ziggurat
 86893 | Zig:5    | Entered Level 5 of a ziggurat
 86947 | Zig:5    | Identified the +1 helmet of Areuq {SInv} (You found it on
                  | level 5 of a ziggurat)
 86954 | Zig:6    | Entered Level 6 of a ziggurat
 86958 | Zig:6    | Noticed Jaotaog the pandemonium lord
 86959 | Zig:6    | Noticed Coilev the pandemonium lord
 86961 | Zig:6    | Killed Coilev the pandemonium lord
 86965 | Zig:6    | Killed Jaotaog the pandemonium lord
 87047 | Zig:7    | Entered Level 7 of a ziggurat
 87192 | Zig:8    | Entered Level 8 of a ziggurat
 87239 | Zig:8    | Identified the Volume of Virous Beguiling
 87260 | Zig:9    | Entered Level 9 of a ziggurat
 87458 | Zig:10   | Entered Level 10 of a ziggurat
 87518 | Zig:10   | Identified the Tome of Envenoming and Weightlessness
 87525 | Zig:10   | Reached skill level 27 in Spellcasting
 87534 | Zig:11   | Entered Level 11 of a ziggurat
 87791 | Zig:11   | Identified the Papyrus of Warped Talismans
 87803 | Zig:12   | Entered Level 12 of a ziggurat
 87851 | Zig:12   | Got an ancient amber ring
 87854 | Zig:12   | Identified the ring of Afosin {+Blink MR++ MP-9 Int+3
                  | Stlth+} (You found it on level 12 of a ziggurat)
 87869 | Zig:12   | Got a serpentine copper ring
 87872 | Zig:12   | Identified the ring "Qaestrarch" {+Inv +Fly MR- MP+9 Str-2}
                  | (You found it on level 12 of a ziggurat)
 87874 | Zig:12   | Identified Sif Muna's Grimoire of the Rocks
 87973 | Zig:13   | Entered Level 13 of a ziggurat
 88286 | Zig:13   | Got an ancient copper ring
 88289 | Zig:13   | Identified the ring "Wuohem" {rElec rPois rCorr Int+5
                  | Stlth-} (You found it on level 13 of a ziggurat)
 88292 | Zig:13   | Identified Jioban's Almanac of Frigorific Contamination
 88306 | Zig:13   | Got a scintillating granite ring
 88309 | Zig:13   | Identified the ring "Fingaleu" {Slay+5 SInv} (You found it
                  | on level 13 of a ziggurat)
 88326 | Zig:14   | Entered Level 14 of a ziggurat
 88338 | Zig:14   | Noticed a greater mummy
 88339 | Zig:14   | Noticed a greater mummy
 88339 | Zig:14   | Noticed a greater mummy
 88341 | Zig:14   | Noticed a greater mummy
 88342 | Zig:14   | Killed a greater mummy
 88342 | Zig:14   | Noticed a greater mummy
 88342 | Zig:14   | Noticed a greater mummy
 88343 | Zig:14   | Killed a greater mummy
 88343 | Zig:14   | Killed a greater mummy
 88343 | Zig:14   | Noticed a greater mummy
 88344 | Zig:14   | Killed a greater mummy
 88345 | Zig:14   | Killed a greater mummy
 88346 | Zig:14   | Killed a greater mummy
 88347 | Zig:14   | Killed a greater mummy
 88522 | Zig:14   | Lost mutation: Your muscles are strong. (Str +2) [potion of
                  | mutation]
 88522 | Zig:14   | Lost mutation: Scrolls take you a little longer to read.
                  | [potion of mutation]
 88522 | Zig:14   | Gained mutation: You are weak. (Str -2) [potion of
                  | mutation]
 88522 | Zig:14   | Gained mutation: You expend magic power (3 MP) to
                  | strengthen your wands. [potion of mutation]
 88523 | Zig:14   | Lost mutation: You are agile. (Dex +2) [potion of mutation]
 88523 | Zig:14   | Lost mutation: You expend magic power (3 MP) to strengthen
                  | your wands. [potion of mutation]
 88523 | Zig:14   | Lost mutation: You are dopey. (Int -2) [potion of mutation]
 88523 | Zig:14   | Gained mutation: You are clumsy. (Dex -2) [potion of
                  | mutation]
 88523 | Zig:14   | Lost mutation: You are weak. (Str -2) [potion of mutation]
 88523 | Zig:14   | Gained mutation: You possess an exceptional clarity of
                  | mind. [potion of mutation]
 88536 | Zig:14   | Got a slimy tin amulet
 88537 | Zig:14   | Identified the amulet "Bagrei" {Acrobat Stlth+} (You found
                  | it on level 14 of a ziggurat)
 88560 | Zig:15   | Entered Level 15 of a ziggurat
 88616 | Zig:15   | Identified the Volume of Stones and Poisoning
 88628 | Zig:15   | Reached skill level 10 in Polearms
 88676 | Zig:16   | Entered Level 16 of a ziggurat
 88971 | Zig:16   | Got a transparent amethyst amulet
 88972 | Zig:16   | Identified the amulet "Haassim" {RegenMP Fragile Dex+3
                  | SInv} (You found it on level 16 of a ziggurat)
 88988 | Zig:16   | Got a translucent amber ring
 88989 | Zig:16   | Identified the ring "Feryh Fer" {rF- Str+5 Stlth+} (You
                  | found it on level 16 of a ziggurat)
 88998 | Zig:16   | Identified the Volume of Toxic Enhancements
 89004 | Zig:17   | Entered Level 17 of a ziggurat
 89013 | Zig:17   | Noticed Apublewe the pandemonium lord
 89031 | Zig:17   | Killed Apublewe the pandemonium lord
 89031 | Zig:17   | Noticed Ykutoukhit the pandemonium lord
 89033 | Zig:17   | Noticed Xemu the pandemonium lord
 89033 | Zig:17   | Noticed Remn the pandemonium lord
 89034 | Zig:17   | Killed Ykutoukhit the pandemonium lord
 89037 | Zig:17   | Noticed Saeblas the pandemonium lord
 89037 | Zig:17   | Noticed Goesmy the pandemonium lord
 89039 | Zig:17   | Noticed Nolihix the pandemonium lord
 89040 | Zig:17   | Noticed Bijak the pandemonium lord
 89041 | Zig:17   | Noticed Saufur the pandemonium lord
 89042 | Zig:17   | Noticed Qiuseti the pandemonium lord
 89047 | Zig:17   | Noticed Riroh the pandemonium lord
 89052 | Zig:17   | Noticed Umpaic the pandemonium lord
 89056 | Zig:17   | Killed Saeblas the pandemonium lord
 89056 | Zig:17   | Killed Goesmy the pandemonium lord
 89063 | Zig:17   | Killed Remn the pandemonium lord
 89066 | Zig:17   | Killed Umpaic the pandemonium lord
 89068 | Zig:17   | Killed Riroh the pandemonium lord
 89072 | Zig:17   | Killed Bijak the pandemonium lord
 89074 | Zig:17   | Killed Xemu the pandemonium lord
 89075 | Zig:17   | Killed Saufur the pandemonium lord
 89076 | Zig:17   | Killed Qiuseti the pandemonium lord
 89077 | Zig:17   | Killed Nolihix the pandemonium lord
 89220 | Zig:17   | Got a scintillating silver ring
 89221 | Zig:17   | Identified the ring of Harmony {MR+ Str+4} (You found it on
                  | level 17 of a ziggurat)
 89288 | Zig:18   | Entered Level 18 of a ziggurat
 89509 | Zig:18   | Found the ring of the Octopus King
 89509 | Zig:18   | Identified the Handbook of Illusion and Clay
 89534 | Zig:18   | Got a serpentine ivory ring
 89538 | Zig:18   | Identified the ring "Ziwoheo" {MP+9 Str-5 Int+8 Dex-3 SInv}
                  | (You found it on level 18 of a ziggurat)
 89545 | Zig:18   | Got a ring of the Octopus King
 89548 | Zig:18   | Got a transparent pewter ring
 89549 | Zig:18   | Identified the ring "Waroxkomae" {rPois Dex+4} (You found
                  | it on level 18 of a ziggurat)
 89566 | Zig:18   | Identified Koozitiute's Handbook of Supportive Dislocation
 89572 | Zig:19   | Entered Level 19 of a ziggurat
 89579 | Zig:19   | Paralysed by a floating eye for 2 turns
 89822 | Zig:19   | Found the amulet of the Air {Inacc +Fly rElec EV+5 RMsl}
 89863 | Zig:19   | Got an ancient lapis lazuli ring
 89864 | Zig:19   | Identified the ring "Ritus" {rF+ rC+ Str-3 Int+2 Dex+2}
                  | (You found it on level 19 of a ziggurat)
 89875 | Zig:20   | Entered Level 20 of a ziggurat
 89984 | Zig:20   | Got a fine glass ring
 89985 | Zig:20   | Identified the ring "Higosto" {rPois MR++ MP+9 Dex+4} (You
                  | found it on level 20 of a ziggurat)
 90006 | Zig:21   | Entered Level 21 of a ziggurat
 90112 | Zig:21   | Found the ring of Shadows {Umbra +Inv Stlth+}
 90113 | Zig:21   | Found the +7 mace of Variability {chain chaos}
 90149 | Zig:21   | Got a translucent lead ring
 90150 | Zig:21   | Identified the ring "Jibuent" {rElec rPois MR+ MP+9} (You
                  | found it on level 21 of a ziggurat)
 90169 | Zig:21   | Identified the cursed -3 pair of gloves of the Sky {rPois
                  | rCorr} (You found it on level 21 of a ziggurat)
 90174 | Zig:22   | Entered Level 22 of a ziggurat
 90195 | Zig:22   | Noticed an ancient lich
 90197 | Zig:22   | Killed an ancient lich
 90199 | Zig:22   | Noticed an ancient lich
 90202 | Zig:22   | Killed an ancient lich
 90224 | Zig:22   | Noticed an ancient lich
 90228 | Zig:22   | Killed an ancient lich
 90319 | Zig:23   | Entered Level 23 of a ziggurat
 90356 | Zig:23   | Reached skill level 27 in Earth Magic
 90380 | Zig:23   | Found the +3 warlock's mirror {reflect}
 90408 | Zig:23   | Reached skill level 5 in Shields
 90491 | Zig:24   | Entered Level 24 of a ziggurat
 90671 | Zig:24   | Found the +9 sword of Zonguldrok {reap}
 90890 | Zig:25   | Entered Level 25 of a ziggurat
 90945 | Zig:25   | Found the +7 captain's cutlass {speed, disarm}
 90969 | Zig:25   | Identified the ring "Oghets" {rPois rF++ rN+ Str-2 Dex-3}
                  | (You found it on level 25 of a ziggurat)
 90973 | Zig:25   | Identified the ring "Syruur" {rF+++ MR+ Int-4 Dex-4 SInv}
                  | (You found it on level 25 of a ziggurat)
 91013 | Zig:26   | Entered Level 26 of a ziggurat
 91083 | Zig:26   | Reached skill level 27 in Ice Magic
 91369 | Zig:27   | Entered Level 27 of a ziggurat
 91389 | Zig:27   | Reached skill level 27 in Conjurations
 91389 | Zig:27   | Reached skill level 27 in Fire Magic
 91416 | Zig:27   | Noticed Nulubrus the pandemonium lord
 91419 | Zig:27   | Killed Nulubrus the pandemonium lord
 91426 | Zig:27   | Reached skill level 15 in Throwing
 91441 | Zig:27   | Found the +8 orange crystal plate armour {Archmagi, Int+3
                  | Clar}
 91443 | Zig:27   | Found the amulet of the Four Winds {rN+ MR+++ Clar}
 91467 | Zig:27   | Got a faintly glowing iron amulet
 91468 | Zig:27   | Identified the amulet "Ivoez" {Inacc rF+ SInv Stlth-} (You
                  | found it on level 27 of a ziggurat)
 91565 | D:15     | Upgraded the game from 0.25-a0-663-gace7076f2c to
                  | 0.25-a0-665-ga69d64035b
 91590 | Zig:1    | Entered Level 1 of a ziggurat
 91725 | Zig:2    | Entered Level 2 of a ziggurat
 91858 | Zig:3    | Entered Level 3 of a ziggurat
 91920 | Zig:4    | Entered Level 4 of a ziggurat
 91942 | Zig:5    | Entered Level 5 of a ziggurat
 91945 | Zig:5    | Noticed a greater mummy
 91946 | Zig:5    | Noticed a greater mummy
 91948 | Zig:5    | Killed a greater mummy
 91948 | Zig:5    | Noticed a greater mummy
 91949 | Zig:5    | Killed a greater mummy
 91951 | Zig:5    | Killed a greater mummy
 92048 | Zig:6    | Entered Level 6 of a ziggurat
 92123 | Zig:6    | Got a translucent zirconium amulet
 92124 | Zig:6    | Identified the amulet "Ganon" {Harm *Drain +Inv rF+ Dex+4}
                  | (You found it on level 6 of a ziggurat)
 92131 | Zig:7    | Entered Level 7 of a ziggurat
 92136 | Zig:7    | Found the +8 mithril axe "Arga" {speed, MR+}
 92137 | Zig:7    | Found the +12 Vampire's Tooth {vamp}
 92304 | Zig:7    | Identified the Tome of Creation
 92321 | Zig:8    | Entered Level 8 of a ziggurat
 92324 | Zig:8    | Noticed an ancient lich
 92326 | Zig:8    | Killed an ancient lich
 92355 | Zig:8    | Identified the +1 helmet "Earthly Heaven" {rC+ rN+} (You
                  | found it on level 8 of a ziggurat)
 92357 | Zig:8    | Identified the Catalogue of Precision Catastrophes
 92515 | Zig:9    | Entered Level 9 of a ziggurat
 92667 | Zig:9    | Identified the +2 robe of Absence {rN+} (You found it on
                  | level 9 of a ziggurat)
 92693 | Zig:10   | Entered Level 10 of a ziggurat
 92700 | Zig:10   | Noticed an ancient lich
 92701 | Zig:10   | Killed an ancient lich
 92862 | Zig:10   | Identified Ydudegh's Grimoire of Summoning and Lightness
 92866 | Zig:11   | Entered Level 11 of a ziggurat
 92918 | Zig:11   | Identified the Papyrus of the Venomous Snowflakes
 92922 | Zig:12   | Entered Level 12 of a ziggurat
 93056 | Zig:12   | Found the +6 Majin-Bo {vamp, Archmagi MP+6 Int+6}
 93076 | Zig:12   | Got a crude copper ring
 93080 | Zig:12   | Identified the ring of Popullav {Str+2 Int+4 Dex+4 SInv}
                  | (You found it on level 12 of a ziggurat)
 93111 | Zig:13   | Entered Level 13 of a ziggurat
 93115 | Zig:13   | Paralysed by a floating eye for 4 turns
 93193 | Zig:13   | Identified The Foundations of Magic
 93203 | Zig:13   | Identified the Guide on Clay
 93224 | Zig:13   | Identified the Tome of Lethal Clay
 93229 | Zig:13   | Got a heavily runed jade ring
 93230 | Zig:13   | Identified the cursed ring "Jiqameg" {Str+2 Dex-2} (You
                  | found it on level 13 of a ziggurat)
 93234 | Zig:14   | Entered Level 14 of a ziggurat
 93242 | Zig:14   | Noticed Yjole Tuos the pandemonium lord
 93243 | Zig:14   | Noticed Kifockod the pandemonium lord
 93243 | Zig:14   | Noticed Enkogh the pandemonium lord
 93246 | Zig:14   | Noticed Jurehofe the pandemonium lord
 93247 | Zig:14   | Noticed Wyunk the pandemonium lord
 93248 | Zig:14   | Killed Enkogh the pandemonium lord
 93249 | Zig:14   | Killed Jurehofe the pandemonium lord
 93250 | Zig:14   | Killed Yjole Tuos the pandemonium lord
 93251 | Zig:14   | Killed Wyunk the pandemonium lord
 93251 | Zig:14   | Noticed Suiq the pandemonium lord
 93254 | Zig:14   | Killed Kifockod the pandemonium lord
 93255 | Zig:14   | Killed Suiq the pandemonium lord
 93259 | Zig:14   | Noticed Woeterij the pandemonium lord
 93260 | Zig:14   | Killed Woeterij the pandemonium lord
 93283 | Zig:14   | Found the +8 autumn katana {vorpal, Clar}
 93298 | Zig:14   | Identified the +2 pair of boots of Keases {rF+ rC+ Str+7
                  | Int-5} (You acquired it on level 14 of a ziggurat)
 93314 | Zig:14   | Identified the Disquisition on Arcane Weapons and Ignition
 93328 | Zig:15   | Entered Level 15 of a ziggurat
 93334 | Zig:15   | Noticed a greater mummy
 93335 | Zig:15   | Noticed a greater mummy
 93335 | Zig:15   | Noticed a greater mummy
 93335 | Zig:15   | Noticed a greater mummy
 93337 | Zig:15   | Noticed a greater mummy
 93340 | Zig:15   | Killed a greater mummy
 93340 | Zig:15   | Killed a greater mummy
 93340 | Zig:15   | Noticed a greater mummy
 93341 | Zig:15   | Killed a greater mummy
 93341 | Zig:15   | Killed a greater mummy
 93341 | Zig:15   | Killed a greater mummy
 93341 | Zig:15   | Noticed a greater mummy
 93342 | Zig:15   | Noticed a greater mummy
 93342 | Zig:15   | Noticed a greater mummy
 93343 | Zig:15   | Killed a greater mummy
 93343 | Zig:15   | Killed a greater mummy
 93344 | Zig:15   | Killed a greater mummy
 93344 | Zig:15   | Killed a greater mummy
 93344 | Zig:15   | Noticed a greater mummy
 93347 | Zig:15   | Killed a greater mummy
 93430 | Zig:15   | Found the +4 moon troll leather armour {Spirit, Regen++
                  | MP+5}
 93668 | Zig:15   | Got a crude lapis lazuli ring
 93669 | Zig:15   | Identified the ring "Zatog" {+Blink rF+ Str-2 Int+3} (You
                  | found it on level 15 of a ziggurat)
 93812 | Zig:16   | Entered Level 16 of a ziggurat
 93816 | Zig:16   | Noticed a greater mummy
 93818 | Zig:16   | Noticed a greater mummy
 93821 | Zig:16   | Killed a greater mummy
 93821 | Zig:16   | Killed a greater mummy
 93821 | Zig:16   | Noticed a greater mummy
 93825 | Zig:16   | Killed a greater mummy
 93884 | Zig:16   | Identified the ring of Doubts {MP+9 SInv} (You found it on
                  | level 16 of a ziggurat)
 93903 | Zig:17   | Entered Level 17 of a ziggurat
 93907 | Zig:17   | Noticed an orb of fire
 93907 | Zig:17   | Noticed an orb of fire
 93907 | Zig:17   | Noticed an orb of fire
 93915 | Zig:17   | Killed an orb of fire
 93916 | Zig:17   | Killed an orb of fire
 93917 | Zig:17   | Killed an orb of fire
 93918 | Zig:17   | Noticed an orb of fire
 93919 | Zig:17   | Noticed an orb of fire
 93919 | Zig:17   | Noticed an orb of fire
 93920 | Zig:17   | Noticed an orb of fire
 93920 | Zig:17   | Gained mutation: Scrolls take you a little longer to read.
                  | [an orb of fire]
 93921 | Zig:17   | Noticed an orb of fire
 93922 | Zig:17   | Noticed an orb of fire
 93923 | Zig:17   | Killed an orb of fire
 93923 | Zig:17   | Killed an orb of fire
 93924 | Zig:17   | Killed an orb of fire
 93924 | Zig:17   | Killed an orb of fire
 93924 | Zig:17   | Reached skill level 27 in Dodging
 93925 | Zig:17   | Killed an orb of fire
 93926 | Zig:17   | Killed an orb of fire
 94011 | Zig:17   | Identified Pumaitax's Reference Book on the Frigorific
                  | Birds
 94023 | Zig:17   | Identified the +0 helmet of the Hippo {rElec} (You found it
                  | on level 17 of a ziggurat)
 94027 | Zig:17   | Identified the Papyrus of Feathery Orientation
 94032 | Zig:18   | Entered Level 18 of a ziggurat
 94054 | Zig:18   | Reached skill level 15 in Shields
 94171 | Zig:18   | Found the +6 arbalest "Damnation" {damnation}
 94178 | Zig:18   | Identified the Guide on Transformation and Conjuration
 94207 | Zig:18   | Identified the Guide on Cankerous Protection
 94217 | Zig:19   | Entered Level 19 of a ziggurat
 94226 | Zig:19   | Noticed an ancient lich
 94227 | Zig:19   | Noticed an ancient lich
 94227 | Zig:19   | Killed an ancient lich
 94229 | Zig:19   | Killed an ancient lich
 94242 | Zig:19   | Found the +7 Kryia's mail coat {PotionHeal*2 rC+}
 94242 | Zig:19   | Found the +0 sword of Power
 94283 | Zig:19   | Got a scorched platinum ring
 94286 | Zig:19   | Identified the ring "Goamopt" {rF+ MP+9} (You found it on
                  | level 19 of a ziggurat)
 94294 | Zig:20   | Entered Level 20 of a ziggurat
 94365 | Zig:20   | Got a fine bone ring
 94368 | Zig:20   | Identified the ring of Opunev Pocsy {rN+ Int+4 SInv} (You
                  | found it on level 20 of a ziggurat)
 94407 | Zig:21   | Entered Level 21 of a ziggurat
 94420 | Zig:21   | Noticed Erunedid the pandemonium lord
 94420 | Zig:21   | Noticed Woosaixt the pandemonium lord
 94420 | Zig:21   | Noticed Uxkita the pandemonium lord
 94420 | Zig:21   | Noticed Kadisi Fuxti the pandemonium lord
 94420 | Zig:21   | Noticed Livyros the pandemonium lord
 94420 | Zig:21   | Noticed Sedupuu the pandemonium lord
 94420 | Zig:21   | Noticed Ineth the pandemonium lord
 94420 | Zig:21   | Noticed Rap Ogh the pandemonium lord
 94420 | Zig:21   | Noticed Gyelug the pandemonium lord
 94420 | Zig:21   | Noticed Plog the pandemonium lord
 94420 | Zig:21   | Noticed Hula Jijoofu the pandemonium lord
 94421 | Zig:21   | Noticed Pousul the pandemonium lord
 94423 | Zig:21   | Noticed Otoneoj the pandemonium lord
 94424 | Zig:21   | Killed Woosaixt the pandemonium lord
 94425 | Zig:21   | Killed Ineth the pandemonium lord
 94425 | Zig:21   | Killed Sedupuu the pandemonium lord
 94425 | Zig:21   | Killed Kadisi Fuxti the pandemonium lord
 94425 | Zig:21   | Killed Plog the pandemonium lord
 94425 | Zig:21   | Noticed Rariaci the pandemonium lord
 94425 | Zig:21   | Noticed Rowavek the pandemonium lord
 94426 | Zig:21   | Noticed Maadd the pandemonium lord
 94426 | Zig:21   | Killed Gyelug the pandemonium lord
 94426 | Zig:21   | Killed Livyros the pandemonium lord
 94426 | Zig:21   | Noticed Ibinycou the pandemonium lord
 94426 | Zig:21   | Noticed Lasotug the pandemonium lord
 94427 | Zig:21   | Killed Erunedid the pandemonium lord
 94427 | Zig:21   | Noticed Hiecuxex the pandemonium lord
 94428 | Zig:21   | Noticed Rievvieck the pandemonium lord
 94428 | Zig:21   | Killed Uxkita the pandemonium lord
 94428 | Zig:21   | Reached skill level 15 in Evocations
 94428 | Zig:21   | Killed Hula Jijoofu the pandemonium lord
 94428 | Zig:21   | Killed Rowavek the pandemonium lord
 94428 | Zig:21   | Noticed Iqipn the pandemonium lord
 94428 | Zig:21   | Noticed Xaryut the pandemonium lord
 94428 | Zig:21   | Killed Otoneoj the pandemonium lord
 94428 | Zig:21   | Noticed Itiof the pandemonium lord
 94429 | Zig:21   | Killed Lasotug the pandemonium lord
 94429 | Zig:21   | Noticed Xaggamayb the pandemonium lord
 94429 | Zig:21   | Noticed Nudyris the pandemonium lord
 94430 | Zig:21   | Killed Maadd the pandemonium lord
 94431 | Zig:21   | Noticed Boutuf the pandemonium lord
 94431 | Zig:21   | Killed Rariaci the pandemonium lord
 94431 | Zig:21   | Noticed Seuth the pandemonium lord
 94432 | Zig:21   | Killed Iqipn the pandemonium lord
 94432 | Zig:21   | Killed Itiof the pandemonium lord
 94432 | Zig:21   | Killed Pousul the pandemonium lord
 94433 | Zig:21   | Killed Nudyris the pandemonium lord
 94433 | Zig:21   | Noticed Zecam the pandemonium lord
 94433 | Zig:21   | Noticed Iphedah the pandemonium lord
 94434 | Zig:21   | Killed Rievvieck the pandemonium lord
 94434 | Zig:21   | Killed Ibinycou the pandemonium lord
 94434 | Zig:21   | Killed Xaryut the pandemonium lord
 94435 | Zig:21   | Noticed Caromawn the pandemonium lord
 94435 | Zig:21   | Killed Seuth the pandemonium lord
 94435 | Zig:21   | Killed Rap Ogh the pandemonium lord
 94437 | Zig:21   | Killed Hiecuxex the pandemonium lord
 94437 | Zig:21   | Killed Xaggamayb the pandemonium lord
 94437 | Zig:21   | Killed Caromawn the pandemonium lord
 94441 | Zig:21   | Killed Boutuf the pandemonium lord
 94441 | Zig:21   | Killed Zecam the pandemonium lord
 94444 | Zig:21   | Killed Iphedah the pandemonium lord
 94499 | Zig:21   | Identified the Papyrus of Flight and Conjuration
 94515 | Zig:21   | Got a wavering turquoise ring
 94516 | Zig:21   | Identified Paco's Papyrus of Sinister Weightlessness
 94520 | Zig:21   | Identified the ring of a Thousand Queens {+Fly Slay+6} (You
                  | found it on level 21 of a ziggurat)
 94522 | Zig:21   | Got a fine gossamer ring
 94525 | Zig:21   | Identified the ring of Cial {MR+ Str+4} (You found it on
                  | level 21 of a ziggurat)
 94545 | Zig:21   | Learned a level 8 spell: Lehudib's Crystal Spear
 94554 | Zig:21   | Learned a level 8 spell: Controlled Blink
 94560 | Zig:22   | Entered Level 22 of a ziggurat
 94571 | Zig:22   | Noticed an ancient lich
 94590 | Zig:22   | Noticed an ancient lich
 94597 | Zig:22   | Reached skill level 1 in Translocations
 94597 | Zig:22   | Noticed an ancient lich
 94599 | Zig:22   | Killed an ancient lich
 94599 | Zig:22   | Killed an ancient lich
 94599 | Zig:22   | Reached skill level 5 in Translocations
 94599 | Zig:22   | Killed an ancient lich
 94600 | Zig:22   | Noticed an ancient lich
 94600 | Zig:22   | Noticed an ancient lich
 94601 | Zig:22   | Noticed an ancient lich
 94602 | Zig:22   | Noticed an ancient lich
 94603 | Zig:22   | Killed an ancient lich
 94603 | Zig:22   | Killed an ancient lich
 94604 | Zig:22   | Killed an ancient lich
 94605 | Zig:22   | Killed an ancient lich
 94664 | Zig:22   | Reached skill level 10 in Translocations
 94671 | Zig:22   | Lost mutation: Scrolls take you a little longer to read.
                  | [potion of mutation]
 94671 | Zig:22   | Lost mutation: You are partially covered in rugged brown
                  | scales. (AC +1, +3% HP) [potion of mutation]
 94671 | Zig:22   | Gained mutation: You are dopey. (Int -2) [potion of
                  | mutation]
 94671 | Zig:22   | Gained mutation: You are robust. (+10% HP) [potion of
                  | mutation]
 94687 | Zig:23   | Entered Level 23 of a ziggurat
 94729 | Zig:23   | Identified the Compendium of the Nine Princes
 94732 | Zig:23   | Got a smoking lead amulet
 94733 | Zig:23   | Identified the amulet "Loplodul" {+Rage Dex+4} (You found
                  | it on level 23 of a ziggurat)
 94738 | Zig:23   | Got a warped turquoise ring
 94739 | Zig:23   | Identified the ring of Cunnuv {rElec AC+2 Str+3} (You found
                  | it on level 23 of a ziggurat)
 94769 | Zig:24   | Entered Level 24 of a ziggurat
 94873 | Zig:24   | Found the +4 robe of Augmentation {Str+4 Int+4 Dex+4}
 94883 | Zig:24   | Got a transparent glass ring
 94884 | Zig:24   | Identified the ring of Xom's Amusement {*Tele rPois rF+ rN+
                  | Slay+2} (You found it on level 24 of a ziggurat)
 94921 | Zig:25   | Entered Level 25 of a ziggurat
 94938 | Zig:25   | Noticed an ancient lich
 94939 | Zig:25   | Killed an ancient lich
 94941 | Zig:25   | Noticed an ancient lich
 94943 | Zig:25   | Noticed an ancient lich
 94944 | Zig:25   | Killed an ancient lich
 94946 | Zig:25   | Killed an ancient lich
 94959 | Zig:25   | Found the +2 hood of the Assassin {Detection Stab+ Stlth++}
 94970 | Zig:25   | Got a sparkling pewter amulet
 94971 | Zig:25   | Identified the amulet of Xisuam {Inacc rElec} (You found it
                  | on level 25 of a ziggurat)
 94982 | Zig:25   | Identified the -2 pair of boots "Xigg" {rC+ Regen+} (You
                  | found it on level 25 of a ziggurat)
 94983 | Zig:25   | Identified Sif Muna's Compendium of the Spatial Mountains
 94986 | Zig:25   | Got a crude diamond amulet
 94987 | Zig:25   | Identified the amulet "Saihif" {Gourm rPois} (You found it
                  | on level 25 of a ziggurat)
 95013 | Zig:25   | Identified the Guide on Orientation and Earth
 95022 | Zig:26   | Entered Level 26 of a ziggurat
 95038 | Zig:26   | Reached skill level 15 in Translocations
 95088 | Zig:26   | Identified Qulihat's Grimoire of Shifting Fire
 95128 | Zig:26   | Identified the Catalogue of Harmful Aid
 95134 | Zig:26   | Identified the +1 plate armour "Kaorom Talu" {MP+9 Int-5
                  | Dex+2} (You acquired it on level 26 of a ziggurat)
 95138 | Zig:26   | Identified the ring of Ruirugg {Fire Stlth+} (You acquired
                  | it on level 26 of a ziggurat)
 95150 | Zig:27   | Entered Level 27 of a ziggurat
 95646 | Tomb:1   | Entered Level 1 of the Tomb of the Ancients
 95673 | Tomb:1   | Noticed a greater mummy
 95676 | Tomb:1   | Killed a greater mummy
 95676 | Tomb:1   | Noticed a greater mummy
 95676 | Tomb:1   | Noticed a greater mummy
 95683 | Tomb:1   | Killed a greater mummy
 95683 | Tomb:1   | Noticed a greater mummy
 95684 | Tomb:1   | Killed a greater mummy
 95684 | Tomb:1   | Noticed a greater mummy
 95691 | Tomb:1   | Killed a greater mummy
 95691 | Tomb:1   | Killed a greater mummy
 95714 | Tomb:1   | Noticed a greater mummy
 95722 | Tomb:1   | Killed a greater mummy
 95736 | Tomb:1   | Noticed a greater mummy
 95737 | Tomb:1   | Noticed a greater mummy
 95910 | Tomb:1   | Killed a greater mummy
 95914 | Tomb:1   | Killed a greater mummy
 95914 | Tomb:1   | Noticed a greater mummy
 95922 | Tomb:1   | Killed a greater mummy
 95995 | Tomb:1   | Identified the ring "Dothro Duiph" {rPois Dex+3} (You found
                  | it on level 1 of the Tomb of the Ancients)
 96048 | Tomb:1   | Noticed a greater mummy
 96055 | Tomb:1   | Killed a greater mummy
 96095 | Tomb:1   | Noticed a greater mummy
 96099 | Tomb:1   | Noticed a greater mummy
 96101 | Tomb:1   | Noticed a greater mummy
 96106 | Tomb:1   | Killed a greater mummy
 96107 | Tomb:1   | Killed a greater mummy
 96107 | Tomb:1   | Killed a greater mummy
 96108 | Tomb:1   | Noticed a greater mummy
 96109 | Tomb:1   | Noticed a greater mummy
 96114 | Tomb:1   | Killed a greater mummy
 96116 | Tomb:1   | Killed a greater mummy
 97050 | Tomb:2   | Noticed Sojobo
 97052 | Tomb:2   | Noticed a greater mummy
 97055 | Tomb:2   | Killed a greater mummy
 97057 | Tomb:2   | Noticed a greater mummy
 97057 | Tomb:2   | Noticed a greater mummy
 97058 | Tomb:2   | Noticed a greater mummy
 97059 | Tomb:2   | Killed Sojobo
 97064 | Tomb:2   | Killed a greater mummy
 97069 | Tomb:2   | Killed a greater mummy
 97228 | Tomb:2   | Killed a greater mummy
 97631 | Tomb:3   | Entered Level 3 of the Tomb of the Ancients
 97648 | Tomb:3   | Noticed a greater mummy
 97659 | Tomb:3   | Reached skill level 27 in Armour
 97659 | Tomb:3   | Noticed a greater mummy
 97659 | Tomb:3   | Noticed a greater mummy
 97661 | Tomb:3   | Paralysed by the power of Zot for 4 turns
 97665 | Tomb:3   | Killed a greater mummy
 97666 | Tomb:3   | Killed a greater mummy
 97666 | Tomb:3   | Killed a greater mummy
 97666 | Tomb:3   | Noticed a greater mummy
 97671 | Tomb:3   | Noticed a greater mummy
 97673 | Tomb:3   | Killed a greater mummy
 97675 | Tomb:3   | Killed a greater mummy
 97683 | Tomb:3   | Noticed a greater mummy
 97689 | Tomb:3   | Reached skill level 27 in Shields
 97690 | Tomb:3   | Noticed a greater mummy
 97691 | Tomb:3   | Killed a greater mummy
 97693 | Tomb:3   | Noticed a greater mummy
 97693 | Tomb:3   | Paralysed by the power of Zot for 3 turns
 97699 | Tomb:3   | Noticed a greater mummy
 97704 | Tomb:3   | Killed a greater mummy
 97705 | Tomb:3   | Killed a greater mummy
 97705 | Tomb:3   | Killed a greater mummy
 97901 | Tomb:3   | Identified the Papyrus of Conjuration and Clay
 97966 | Tomb:3   | Got a fine steel ring
 97967 | Tomb:3   | Identified the ring "Mots" {rPois rF+} (You found it on
                  | level 3 of the Tomb of the Ancients)
 97991 | Tomb:3   | Got a scintillating jade ring
 97992 | Tomb:3   | Identified the ring of Ulannu Sudwa {Wiz Int+3 Slay+2} (You
                  | found it on level 3 of the Tomb of the Ancients)
 97994 | Tomb:3   | Identified the Incunabulum of Poisonous Confrontation
 98000 | Tomb:3   | Got a shimmering wooden ring
 98001 | Tomb:3   | Identified the ring "Qoynov" {rC+ MR+ Slay+3 SInv} (You
                  | found it on level 3 of the Tomb of the Ancients)
 98004 | Tomb:3   | Identified the cursed +0 helmet "Xaiczoi" {rPois Dex+9}
                  | (You found it on level 3 of the Tomb of the Ancients)
 98005 | Tomb:3   | Identified Xolam's Papyrus of Evil and Arcane Weapons
 98042 | Tomb:3   | Identified Vimom's Guide on Attacks
 98189 | Tomb:3   | Got a golden rune of Zot
 98649 | Zig:1    | Entered Level 1 of a ziggurat
 98650 | Zig:1    | Noticed a juggernaut
 98654 | Zig:1    | Killed a juggernaut
 98695 | Zig:2    | Entered Level 2 of a ziggurat
 98830 | Zig:3    | Entered Level 3 of a ziggurat
 98889 | Zig:4    | Entered Level 4 of a ziggurat
 98897 | Zig:4    | Found the ring of the Mage {Wiz MR++ Int+3}
 98917 | Zig:4    | Got a sparkling marble ring
 98918 | Zig:4    | Identified the ring of the Princeling {rElec rPois rC-
                  | Int+4 Dex+3} (You found it on level 4 of a ziggurat)
 98923 | Zig:5    | Entered Level 5 of a ziggurat
 99062 | Zig:5    | Got a fine golden ring
 99063 | Zig:5    | Identified the cursed ring of Cuocaqym {rC++ Str-4} (You
                  | found it on level 5 of a ziggurat)
 99087 | Zig:6    | Entered Level 6 of a ziggurat
 99227 | Zig:7    | Entered Level 7 of a ziggurat
 99274 | Zig:7    | Identified Sif Muna's Papyrus of the Special Princes
 99304 | Zig:8    | Entered Level 8 of a ziggurat
 99359 | Zig:9    | Entered Level 9 of a ziggurat
 99365 | Zig:9    | Noticed a juggernaut
 99367 | Zig:9    | Killed a juggernaut
 99367 | Zig:9    | Noticed a juggernaut
 99369 | Zig:9    | Noticed a juggernaut
 99369 | Zig:9    | Killed a juggernaut
 99369 | Zig:9    | Noticed a juggernaut
 99370 | Zig:9    | Noticed a juggernaut
 99371 | Zig:9    | Killed a juggernaut
 99371 | Zig:9    | Killed a juggernaut
 99373 | Zig:9    | Killed a juggernaut
 99374 | Zig:9    | Killed a juggernaut
 99401 | Zig:9    | Found the +8 demon trident "Rift" {distort, reach+}
 99416 | Zig:9    | Identified the cursed +0 pair of gloves of a ziggurat
                  | {Str+4} (You found it on level 9 of a ziggurat)
 99440 | Zig:10   | Entered Level 10 of a ziggurat
 99448 | Zig:10   | Reached skill level 27 in Evocations
 99451 | Zig:10   | Found the cursed +14 obsidian axe {vorpal, +Fly SInv
                  | *Curse}
 99474 | Zig:10   | Got a sparkling jade ring
 99475 | Zig:10   | Identified the ring of Kitsifol {rElec MP+9 Slay+2} (You
                  | found it on level 10 of a ziggurat)
 99508 | Zig:11   | Entered Level 11 of a ziggurat
 99620 | Zig:12   | Entered Level 12 of a ziggurat
 99673 | Zig:12   | Found the +27 Lear's hauberk
 99697 | Zig:13   | Entered Level 13 of a ziggurat
 99699 | Zig:13   | Noticed a greater mummy
 99700 | Zig:13   | Noticed a greater mummy
 99701 | Zig:13   | Noticed a greater mummy
 99702 | Zig:13   | Noticed a greater mummy
 99703 | Zig:13   | Killed a greater mummy
 99703 | Zig:13   | Noticed a greater mummy
 99704 | Zig:13   | Noticed a greater mummy
 99705 | Zig:13   | Killed a greater mummy
 99705 | Zig:13   | Killed a greater mummy
 99706 | Zig:13   | Killed a greater mummy
 99707 | Zig:13   | Killed a greater mummy
 99707 | Zig:13   | Killed a greater mummy
 99707 | Zig:13   | Killed a greater mummy
 99709 | Zig:13   | Killed a greater mummy
 99710 | Zig:13   | Noticed a greater mummy
 99712 | Zig:13   | Noticed a greater mummy
 99713 | Zig:13   | Killed a greater mummy
 99715 | Zig:13   | Killed a greater mummy
 99765 | Zig:13   | Got a scorched steel amulet
 99766 | Zig:13   | Identified the amulet "Hirghom" {RegenMP Fragile rPois rC+
                  | MR+} (You found it on level 13 of a ziggurat)
 99783 | Zig:13   | Identified the +2 pair of gloves of Heresy {rC++} (You
                  | acquired it on level 13 of a ziggurat)
 99804 | Zig:14   | Entered Level 14 of a ziggurat
 99830 | Zig:14   | Noticed Mixerucw the pandemonium lord
 99833 | Zig:14   | Killed Mixerucw the pandemonium lord
 99945 | Zig:14   | Identified the Papyrus of the Damaging Escort
 99949 | Zig:14   | Identified the +2 helmet of the Watchman {rC+} (You found
                  | it on level 14 of a ziggurat)
 99959 | Zig:14   | Identified the Catalogue of Combat Magic
 99968 | Zig:15   | Entered Level 15 of a ziggurat
 99981 | Zig:15   | Noticed Siodghiro the pandemonium lord
 99984 | Zig:15   | Killed Siodghiro the pandemonium lord
100065 | Zig:15   | Got a flickering ivory ring
100066 | Zig:15   | Identified the ring "Ychun" {Wiz +Blink +Fly rF- SInv} (You
                  | found it on level 15 of a ziggurat)
100075 | Zig:15   | Identified the Collected Works on Enchanting Orientation
100077 | Zig:15   | Identified Yjuobb's Papyrus of the Oath and Companions
100111 | Zig:16   | Entered Level 16 of a ziggurat
100121 | Zig:16   | Noticed Gazeh the pandemonium lord
100130 | Zig:16   | Killed Gazeh the pandemonium lord
100164 | Zig:16   | Got a wavering wooden ring
100165 | Zig:16   | Identified the ring "Keuriet" {EV+5 Int+6} (You found it on
                  | level 16 of a ziggurat)
100206 | Zig:17   | Entered Level 17 of a ziggurat
100223 | Zig:17   | Noticed Ileagh the pandemonium lord
100229 | Zig:17   | Killed Ileagh the pandemonium lord
100273 | Zig:17   | Found the +12 glaive of Prune {vorpal}
100336 | Zig:18   | Entered Level 18 of a ziggurat
100347 | Zig:18   | Reached skill level 27 in Throwing
100497 | Zig:18   | Identified Egurecw's Almanac of the Flamy Rocks
100510 | Zig:18   | Got a sparkling glass ring
100511 | Zig:18   | Identified the ring "Kaladweg" {Ice rElec MR++ Str-2 Int+2}
                  | (You found it on level 18 of a ziggurat)
100515 | Zig:18   | Got a warped lapis lazuli ring
100516 | Zig:18   | Identified the ring "Jestu" {+Fly Dex+8} (You found it on
                  | level 18 of a ziggurat)
100524 | Zig:18   | Identified Sif Muna's Papyrus of Unholy Rites and Flight
100537 | Zig:18   | Identified the Disquisition on Poison and Orientation
100551 | Zig:18   | Identified the +2 helmet of an ice cave {rPois rN+ rCorr}
                  | (You found it on level 18 of a ziggurat)
100553 | Zig:18   | Got a slimy iron ring
100554 | Zig:18   | Identified the ring of Music {MP+9 Dex+8} (You found it on
                  | level 18 of a ziggurat)
100559 | Zig:18   | Identified the +0 pair of gloves of the Eternal Void {rPois
                  | MR+ Str+4 SInv} (You acquired it on level 18 of a ziggurat)
100559 | Zig:18   | Identified the ring "Imari" {rF+ Str+2} (You acquired it on
                  | level 18 of a ziggurat)
100603 | Zig:19   | Entered Level 19 of a ziggurat
100629 | Zig:19   | Found the +8 glaive of the Guard {elec, +Rage AC+5 SInv}
100644 | Zig:19   | Identified the Disquisition on the Entourage and
                  | Dislocation
100652 | Zig:19   | Got a smoking lead ring
100653 | Zig:19   | Identified the ring of Bufyo {Str+2 SInv Stlth+} (You found
                  | it on level 19 of a ziggurat)
100693 | Zig:19   | Identified the Guide on Excruciating Intoxication
100707 | Zig:20   | Entered Level 20 of a ziggurat
100724 | Zig:20   | Noticed Rakao the pandemonium lord
100730 | Zig:20   | Killed Rakao the pandemonium lord
100955 | Zig:20   | Identified the Compendium of Boosting Flight
100958 | Zig:20   | Got a faintly glowing lapis lazuli ring
100961 | Zig:20   | Identified the ring of the Two Names {rElec rPois rC- Str-2
                  | SInv} (You found it on level 20 of a ziggurat)
100968 | Zig:20   | Got a pitted amber ring
100969 | Zig:20   | Identified the ring "Laminonn" {Wiz *Corrode rElec Str-4
                  | Slay+5 SInv} (You found it on level 20 of a ziggurat)
100979 | Zig:21   | Entered Level 21 of a ziggurat
101055 | Zig:21   | Got an ancient marble ring
101056 | Zig:21   | Identified the ring of Beajuqoh {rPois rN+ Int+4} (You
                  | found it on level 21 of a ziggurat)
101076 | Zig:21   | Identified the Catalogue of Dark Rites and Companions
101081 | Zig:21   | Got a sparkling bronze ring
101082 | Zig:21   | Identified the ring of Brilliance {rElec rN+ AC+1} (You
                  | found it on level 21 of a ziggurat)
101099 | Zig:22   | Entered Level 22 of a ziggurat
101147 | Zig:22   | Found the +2 Maxwell's thermic engine {flame, freeze}
101159 | Zig:22   | Got a translucent copper ring
101160 | Zig:22   | Identified the ring of Leosoumnua {Int+2 Dex+3} (You found
                  | it on level 22 of a ziggurat)
101168 | Zig:22   | Identified the Grimoire of Ensnaring Poison
101172 | Zig:22   | Identified the Disquisition on Displacement and Poison
101180 | Zig:22   | Identified the Collected Works on Combat Magic
101185 | Zig:23   | Entered Level 23 of a ziggurat
101245 | Zig:23   | Got a brightly glowing jade ring
101246 | Zig:23   | Identified the ring "Ywko" {rN++ Str+3 Int-4} (You found it
                  | on level 23 of a ziggurat)
101278 | Zig:23   | Identified the Incunabulum of Shape Shifting
101289 | Zig:23   | Got a transparent steel ring
101290 | Zig:23   | Identified the ring of Vaukos {Ice +Blink rPois MR- Stlth+}
                  | (You found it on level 23 of a ziggurat)
101396 | Zig:24   | Entered Level 24 of a ziggurat
101545 | Zig:24   | Identified the Catalogue of Creative Ice
101560 | Zig:24   | Got a clouded bronze ring
101561 | Zig:24   | Identified the ring of Abbele Ryum {rPois MR- Int+4 Dex+5}
                  | (You found it on level 24 of a ziggurat)
101567 | Zig:24   | Got a vibrating golden ring
101568 | Zig:24   | Identified the ring "Gooturim" {MR+ Int+2 Dex+2 SInv
                  | Stlth-} (You found it on level 24 of a ziggurat)
101572 | Zig:25   | Entered Level 25 of a ziggurat
101589 | Zig:25   | Paralysed by accursed screaming for 1 turns
101621 | Zig:25   | Paralysed by accursed screaming for 2 turns
101633 | Zig:25   | Noticed an ancient lich
101637 | Zig:25   | Killed an ancient lich
101721 | Zig:25   | Identified the +2 cloak of the Crown {MR+ Dex+4 Stlth+}
                  | (You found it on level 25 of a ziggurat)
101764 | Zig:26   | Entered Level 26 of a ziggurat
101877 | Zig:26   | Identified the Handbook of Creative Evil
101885 | Zig:26   | Got a slimy wooden ring
101886 | Zig:26   | Identified the ring "Leukypof" {rC+ MR- AC+4 SInv} (You
                  | found it on level 26 of a ziggurat)
101907 | Zig:27   | Entered Level 27 of a ziggurat
101914 | Zig:27   | Reached skill level 27 in Translocations
101921 | Zig:27   | Gained mutation: You occasionally shout uncontrollably at
                  | your foes. [a shining eye]
101922 | Zig:27   | Reached skill level 27 in Necromancy
101923 | Zig:27   | Reached skill level 15 in Polearms
102108 | Zig:27   | Got a faintly glowing diamond amulet
102109 | Zig:27   | Identified the amulet of Temptation {+Rage rN+} (You found
                  | it on level 27 of a ziggurat)
102155 | Zig:27   | Got a clouded platinum ring
102158 | Zig:27   | Identified the ring "Ryvo" {rF- rC+ Dex+3 Stlth+} (You
                  | found it on level 27 of a ziggurat)
102229 | Zig:1    | Entered Level 1 of a ziggurat
102342 | Zig:2    | Entered Level 2 of a ziggurat
102342 | Zig:2    | Noticed a juggernaut
102345 | Zig:2    | Killed a juggernaut
102347 | Zig:2    | Noticed a juggernaut
102355 | Zig:2    | Killed a juggernaut
102402 | Zig:3    | Entered Level 3 of a ziggurat
102448 | Zig:4    | Entered Level 4 of a ziggurat
102454 | Zig:4    | Noticed Leadogih the pandemonium lord
102458 | Zig:4    | Killed Leadogih the pandemonium lord
102508 | Zig:5    | Entered Level 5 of a ziggurat
102539 | Zig:6    | Entered Level 6 of a ziggurat
102581 | Zig:7    | Entered Level 7 of a ziggurat
102584 | Zig:7    | Noticed Ufogra the pandemonium lord
102584 | Zig:7    | Noticed Eluokic the pandemonium lord
102586 | Zig:7    | Noticed Mehiuj the pandemonium lord
102587 | Zig:7    | Noticed Vodi the pandemonium lord
102588 | Zig:7    | Killed Mehiuj the pandemonium lord
102590 | Zig:7    | Killed Eluokic the pandemonium lord
102591 | Zig:7    | Noticed Maxt the pandemonium lord
102591 | Zig:7    | Killed Ufogra the pandemonium lord
102592 | Zig:7    | Killed Vodi the pandemonium lord
102595 | Zig:7    | Killed Maxt the pandemonium lord
102635 | Zig:8    | Entered Level 8 of a ziggurat
102697 | Zig:9    | Entered Level 9 of a ziggurat
102710 | Zig:9    | Paralysed by a floating eye for 3 turns
102859 | Zig:10   | Entered Level 10 of a ziggurat
102923 | Zig:10   | Found the +5 demon whip "Spellbinder" {antimagic, MR+}
102957 | Zig:10   | Identified Ipponim's Collected Works on Shifting Boosts
102988 | Zig:11   | Entered Level 11 of a ziggurat
103045 | Zig:11   | Got a translucent copper ring
103046 | Zig:11   | Identified the ring "Rica" {rC+ Str+2 Dex+2} (You found it
                  | on level 11 of a ziggurat)
103050 | Zig:12   | Entered Level 12 of a ziggurat
103150 | Zig:12   | Identified the Disquisition on the Entourage and Ice
103155 | Zig:13   | Entered Level 13 of a ziggurat
103164 | Zig:13   | Noticed an ancient lich
103166 | Zig:13   | Noticed an ancient lich
103168 | Zig:13   | Killed an ancient lich
103169 | Zig:13   | Killed an ancient lich
103169 | Zig:13   | Noticed an ancient lich
103172 | Zig:13   | Killed an ancient lich
103175 | Zig:13   | Reached skill level 27 in Polearms
103175 | Zig:13   | Reached skill level 1 in Hexes
103176 | Zig:13   | Reached skill level 1 in Unarmed Combat
103202 | Zig:13   | Got a twitching gossamer ring
103203 | Zig:13   | Identified the ring "Symuot" {Ice +Inv rElec MR+} (You
                  | found it on level 13 of a ziggurat)
103222 | Zig:13   | Got a scintillating lapis lazuli ring
103223 | Zig:13   | Identified the ring "Veatziti" {MR+ Str+6} (You found it on
                  | level 13 of a ziggurat)
103237 | Zig:14   | Entered Level 14 of a ziggurat
103243 | Zig:14   | Noticed a juggernaut
103248 | Zig:14   | Noticed a juggernaut
103250 | Zig:14   | Killed a juggernaut
103250 | Zig:14   | Reached skill level 5 in Stealth
103251 | Zig:14   | Killed a juggernaut
103251 | Zig:14   | Reached skill level 5 in Hexes
103270 | Zig:14   | Found the +5 scythe "Finisher" {speed, eviscerate}
103278 | Zig:14   | Identified the Tome of Destructive Dislocation
103306 | Zig:14   | Identified the +2 pair of boots of the Dice {rC- SInv
                  | Stlth+} (You acquired it on level 14 of a ziggurat)
103306 | Zig:14   | Identified the +8 demon trident "Robapn" {venom, rF+} (You
                  | acquired it on level 14 of a ziggurat)
103336 | Zig:15   | Entered Level 15 of a ziggurat
103344 | Zig:15   | Reached skill level 5 in Unarmed Combat
103413 | Zig:15   | Identified the Collected Works on Venom and the Traveller
103448 | Zig:16   | Entered Level 16 of a ziggurat
103465 | Zig:16   | Reached skill level 10 in Hexes
103469 | Zig:16   | Reached skill level 10 in Stealth
103482 | Zig:16   | Noticed Fuadghisy the pandemonium lord
103489 | Zig:16   | Killed Fuadghisy the pandemonium lord
103509 | Zig:16   | Identified Sif Muna's Volume of Heat and Calling
103529 | Zig:16   | Reached skill level 10 in Charms
103534 | Zig:16   | Identified the +0 cloak of Evolution {Int+2} (You found it
                  | on level 16 of a ziggurat)
103536 | Zig:16   | Identified the Catalogue of Lucky Heat
103565 | Zig:16   | Learned a level 9 spell: Tornado
103566 | Zig:17   | Entered Level 17 of a ziggurat
103572 | Zig:17   | Noticed Guoreat the pandemonium lord
103574 | Zig:17   | Noticed Mazuna the pandemonium lord
103575 | Zig:17   | Noticed Gacw the pandemonium lord
103575 | Zig:17   | Noticed Gail the pandemonium lord
103576 | Zig:17   | Noticed Fihianann the pandemonium lord
103578 | Zig:17   | Noticed Ysatih the pandemonium lord
103578 | Zig:17   | Noticed Femniarph the pandemonium lord
103579 | Zig:17   | Killed Mazuna the pandemonium lord
103580 | Zig:17   | Noticed Nataxe the pandemonium lord
103580 | Zig:17   | Noticed Alauh Xen the pandemonium lord
103580 | Zig:17   | Noticed Ariorgh the pandemonium lord
103580 | Zig:17   | Noticed Alax the pandemonium lord
103580 | Zig:17   | Noticed Madueh the pandemonium lord
103580 | Zig:17   | Noticed Sofriwn the pandemonium lord
103580 | Zig:17   | Noticed Barghaagg the pandemonium lord
103580 | Zig:17   | Noticed Enakk the pandemonium lord
103581 | Zig:17   | Noticed Coqaeh the pandemonium lord
103581 | Zig:17   | Noticed Selis the pandemonium lord
103582 | Zig:17   | Noticed Udiopatawn the pandemonium lord
103582 | Zig:17   | Noticed Qolyanay the pandemonium lord
103582 | Zig:17   | Noticed Canugos the pandemonium lord
103582 | Zig:17   | Noticed Ezyleff the pandemonium lord
103582 | Zig:17   | Noticed Icucuxoi the pandemonium lord
103582 | Zig:17   | Noticed Arhinn the pandemonium lord
103582 | Zig:17   | Noticed Culog the pandemonium lord
103587 | Zig:17   | Noticed a juggernaut
103587 | Zig:17   | a Killer Klown changed into a juggernaut
103611 | Zig:17   | Reached skill level 1 in Air Magic
103618 | Zig:17   | Slain by Fihianann the pandemonium lord

Levels and vault maps discovered:
D:1:      roderic_crossed_star, layout_loops_ring
D:2:      layout_loops_ring, trog_butcher_becter
D:3:      layout_loops_ring, gup_sewer_entry_pipe
D:4:      layout_loops_ring, nicolae_overflow_quartered_altars,
          minmay_temple_entry_glass, enter_ossuary_3, grunt_dithmenos_smoke,
          uniq_edmund
D:5:      layout_loops_ring, lemuel_coloured_pillars_altar, serial_aquarium,
          aquarium_bridge_square [aquarium_subvault_bridge,
          aquarium_subvault_window, aquarium_subvault_wall,
          aquarium_subvault_wall], aquarium_window_corner, aquarium_window_fake,
          aquarium_window_corner, aquarium_window_corridor_1, aquarium_view_2d,
          aquarium_view_2b, first_ration, kennysheep_cluttered_room,
          minmay_misc_feat_doors, uniq_duvessa
D:6:      layout_layer_cave, uniq_grinder, uniq_maggie
D:7:      layout_rooms
D:8:      layout_basic, uniq_joseph, uniq_psyche, uniq_grum
D:9:      kennysheep_kobold_camp, layout_rooms, serial_shops, shop, the_bakery
D:10:     layout_roguey, uniq_harold
D:11:     minmay_the_grid_triangle_9x9_rhombus_full_mashed
          [minmay_the_grid_triangle_9x9_corruption,
          minmay_the_grid_triangle_9x9_warning,
          minmay_the_grid_triangle_9x9_thin_v,
          minmay_the_grid_triangle_9x9_dagger,
          minmay_the_grid_triangle_9x9_shrine,
          minmay_the_grid_triangle_9x9_from_above,
          minmay_the_grid_triangle_9x9_checkered,
          minmay_the_grid_triangle_9x9_prize_special], layout_loops_cross,
          david_lair_generic, orc_0_dummy
D:12:     layout_roguey
D:13:     layout_loops_cross, serial_shops, shop, enter_trove_3, uniq_josephine
D:14:     layout_loops_corners, ximxim_vaults_locker_room, serial_shops,
          kennysheep_mini, shop, kennysheep_little_box, shop, shop,
          grunt_decor_fettered, nicolae_wwwww, minivault_10
D:15:     grunt_enter_depths_hoard, layout_loops_ring
Temple:   nicolae_temple_x_marks_the_god
Lair:1:   layout_gridlike, uniq_urug
Lair:2:   layout_cave_shapes, spider_nest_entry_web_field,
          infiniplex_staircase_pool
Lair:3:   layout_regular_city, roderic_batcave, minmay_lair_oklob_chamber
Lair:4:   layout_gridlike, palyth_hydra_swamp_entry, special_room
          [special_room_mythical_zoo]
Lair:5:   layout_long_grid, slime_altar_2, gammafunk_ghost_icy,
          kennysheep_abandoned_house
Lair:6:   evilmike_catoblepas_cave, layout_regular_city,
          nicolae_lair_grove_arrangements
Swamp:1:  layout_falls_marsh, evilmike_swamp_ruin_house_5
Swamp:2:  layout_basic_swamp, portal_ice_cave_entry_pillars_three,
          hangedman_swamp_pad, swamp_pool2, uniq_frances
Swamp:3:  layout_basic_swamp, evilmike_swamp_ruin_house_3, swamp_pool2
Swamp:4:  swamp_basic_johnstein, layout_basic_swamp, swamp_pool1, uniq_louise,
          uniq_nikola
Spider:1: layout_spider_delve
Spider:2: layout_spider_delve, einodemon_crawler_minivault, uniq_kirke
Spider:3: layout_spider_delve
Spider:4: grunt_spider_rune_circles
Slime:1:  layout_caves, cheibrodos_slime_lost_civilization_5
Slime:2:  layout_caves, basic_altar
Slime:3:  layout_caves
Slime:4:  layout_caves
Slime:5
Orc:1:    layout_caves, serial_shops,
          nicolae_shop_temple_entry_statues_fountains, basic_altar, uniq_sonja
Orc:2:    pf_orc_diabolical, layout_caves, serial_shops, shop_statue,
          basic_altar
Elf:1:    eino_elf_arrival_altar, layout_onion_city, minmay_elf_sorcery,
          amethyst_killhole, uniq_roxanne, uniq_aizul
Elf:2:    layout_geoelf_grid, hangedman_elf_power_crystal, minivault_28
Elf:3:    minmay_elf_hall_golems, layout_geoelf_castle, minmay_shop_grove,
          uniq_asterion
Vaults:1: v_misc_10, ontoclasm_vaults_decontamination, nicolae_vaults_theta,
          st_lines, v_misc_29, vaults_dpeg_spiral, vaults_room_door_ring,
          v_alt_pattern_5, nicolae_vaults_little_squares_6,
          layout_vaults_quadrants
Vaults:2: biasface_vaults_ghost_orc_armoury, ontoclasm_vaults_loading_screen,
          vaults_room_corners, ontoclasm_vaults_ring_large, v_pattern_5,
          nicolae_vaults_puzzle_piece, nicolae_vaults_border_crossing,
          nicolae_vaults_what_the_h, v_rooms_6, minmay_crypt_entry_necro_gods,
          nicolae_vaults_shelves_hall, ontoclasm_vaults_idyll,
          ontoclasm_vaults_ring_large, vaults_room_guarded_vault,
          layout_vaults_omnibox, uniq_jory, uniq_donald
Vaults:3: nicolae_vaults_sealed_display, vaults_mumra_minichess_inversion,
          v_pattern_4, v_misc_13, vaults_room_hallway, vaults_dpeg_diagonal,
          nicolae_vaults_little_squares_2, vaults_dpeg_ring,
          ontoclasm_vaults_eye, layout_vaults_big_room
Vaults:4: gammafunk_vaults_ghost_fury_of_okawaru, st_octagons_2,
          nicolae_vaults_circle_grid_b, hangedman_vaults_pinch,
          nicolae_vaults_windows_and_doors_thing, v_misc_23, v_misc_29,
          grunt_vaults_bifocal, nicolae_vaults_ninety_degrees,
          nicolae_vaults_diagonal_hallway_7, ontoclasm_vaults_chip,
          ontoclasm_vaults_loading_screen, layout_vaults_ring
Vaults:5
Crypt:1:  layout_misc_corridors, columned_hall_lemuel
Crypt:2:  layout_gridlike
Crypt:3:  quadcrypt_mu
Tomb:1
Tomb:2:   uniq_sojobo
Tomb:3
Depths:1: layout_cave_shapes, nicolae_ashenzari_panopticon, serial_shops, shop,
          pf_hell_entry_tar_spiral, minmay_misc_feat_ornament,
          grunt_decor_clamped, nicolae_antique_artefacts, minmay_hidden_floor,
          grunt_megastairs_4
Depths:2: kennysheep_blocky_hall, layout_gridville,
          hangedman_decor_diamond_cutter, abyss_entry_small_statue_room,
          hangedman_coc_ice_floe
Depths:3: grunt_crosshair, layout_basic, rand_demon_pan_entry_9,
          chequers_serial_rivers_small_3, hell_entry, minmay_shoptagon,
          infiniplex_staircase_zigzag_3
Depths:4: cheibrodos_spurs, layout_basic, pan_entry, hell_entry,
          hangedman_abyss_entry_splay, special_room [special_room_mythical_zoo],
          minmay_staircase_windowed_large
Depths:5: evilmike_zot_entry_hall, layout_basic, enter_ziggurat_b, hell_entry,
          abyss_entry, minmay_misc_feat_diagonals, nrook_mini_backslash,
          hangedman_decor_slide_cut, infiniplex_staircase_pool_lava
Zot:1:    grunt_zot_stairs_mandelzot, layout_onion
Zot:2:    layout_cathedral_of_symmetry, st_stairs_7
Zot:3:    layout_misc_corridors
Zot:4:    nicolae_moth_party, layout_cathedral_of_symmetry, grunt_ministairs_8,
          hangedman_snap_crack_crunch
Zot:5:    layout_twisted_circle, grunt_ministairs_5,
          nicolae_transmutations_shop, hangedman_zot_decor_checkerboard
Zig:17:   ziggurat_pillar_abc, ziggurat_pillar_abc, ziggurat_pillar_abc,
          ziggurat_pillar_abc

Skill      XL: |  1  2  3  4  5  6  7  8  9 10 11 12 13 14 15 16 17 18 19 20 21 22 23 24 25 26 27 |
---------------+----------------------------------------------------------------------------------+-----
Earth Magic    | 4 5 6 7 8 9 10 11 12 13 14 15 16 17 18 19 20 21 27 | 27.0
Conjurations   | 1 2 3 5 6 7 8 9 10 11 12 13 14 15 16 17 18 27 | 27.0
Spellcasting   | 3 4 5 6 7 8 9 10 11 12 13 14 15 16 27 | 27.0
Fighting       | 2 3 4 6 7 9 10 11 12 13 14 15 16 17 27 | 27.0
Armour         | 2 3 4 6 27 | 27.0
Maces & Flails | 1 3 4 5 7 8 9 10 11 12 13 14 15 16 21 | 21.3
Dodging        | 2 3 4 5 6 7 8 9 10 11 12 13 14 27 | 27.0
Evocations     | 1 3 4 5 6 7 8 9 10 27 | 27.0
Fire Magic     | 4 7 9 10 11 13 14 15 16 17 18 27 | 27.0
Ice Magic      | 27 | 27.0
Polearms       | 27 | 27.0
Transmutations | 12 | 12.5
Necromancy     | 27 | 27.0
Charms         | 10 | 10.1
Shields        | 27 | 27.0
Throwing       | 27 | 27.0
Translocations | 27 | 27.0
Hexes          | 11 | 11.0
Unarmed Combat | 9 |  9.5
Stealth        | 11 | 11.4
Air Magic      | 1 |  1.0

Action                   |  1- 3 |  4- 6 |  7- 9 | 10-12 | 13-15 | 16-18 | 19-21 | 22-24 | 25-27 || total
-------------------------+-------+-------+-------+-------+-------+-------+-------+-------+-------++-------
Melee: Dagger            |    18 |       |       |       |       |       |       |       |       ||    18
       Unarmed           |     6 |       |       |     2 |       |       |       |       |       ||     8
       Whip              |    56 |   185 |   297 |   290 |       |       |       |       |       ||   828
       Kick              |       |       |       |    95 |   122 |     3 |       |       |       ||   220
       Flail             |       |       |       |    77 |       |       |       |       |       ||    77
       Great mace        |       |       |       |    93 |   508 |   673 |  1153 |   671 |   483 ||  3581
       Eveningstar       |       |       |       |       |       |       |       |       |   385 ||   385
       Lance             |       |       |       |       |       |       |       |       |   830 ||   830
       Headbutt          |       |       |       |       |       |       |       |       |    34 ||    34
Throw: Javelin           |       |       |       |       |       |       |       |       |     1 ||     1
 Cast: Sandblast         |    11 |    21 |    51 |    82 |    26 |    10 |    11 |       |       ||   212
       Stone Arrow       |       |     1 |    75 |    33 |    25 |     2 |       |       |     2 ||   138
       Lee's Rapid Decon |       |       |    15 |    48 |    35 |   115 |    55 |    55 |    38 ||   361
       Fireball          |       |       |       |       |    18 |       |       |       |       ||    18
       Iron Shot         |       |       |       |       |    22 |   105 |   193 |    80 |   230 ||   630
       Starburst         |       |       |       |       |       |     4 |       |       |       ||     4
       Olgreb's Toxic Ra |       |       |       |       |       |     1 |       |       |       ||     1
       Bolt of Magma     |       |       |       |       |       |       |     3 |       |       ||     3
       Passwall          |       |       |       |       |       |       |       |     2 |       ||     2
       Shatter           |       |       |       |       |       |       |       |    42 |   807 ||   849
       Ignition          |       |       |       |       |       |       |       |     3 |   164 ||   167
       Fire Storm        |       |       |       |       |       |       |       |       |   462 ||   462
       Glaciate          |       |       |       |       |       |       |       |       |   231 ||   231
       Lehudib's Crystal |       |       |       |       |       |       |       |       |    25 ||    25
       Necromutation     |       |       |       |       |       |       |       |       |    25 ||    25
       Death's Door      |       |       |       |       |       |       |       |       |     1 ||     1
 Abil: Fly               |       |       |       |       |     1 |       |       |       |       ||     1
       Evoke Invisibilit |       |       |       |       |       |     1 |     4 |     4 |    15 ||    24
       End Transformatio |       |       |       |       |       |       |       |       |    10 ||    10
Evoke: Wand              |       |       |     6 |     7 |     3 |     4 |       |    13 |    14 ||    47
       Lamp of fire      |       |       |       |       |     1 |     1 |     1 |     1 |     1 ||     5
       Phantom mirror    |       |       |       |       |       |       |     1 |       |       ||     1
       Sack of spiders   |       |       |       |       |       |       |       |     1 |       ||     1
       Figurine of a zig |       |       |       |       |       |       |       |       |     5 ||     5
       Box of beasts     |       |       |       |       |       |       |       |       |     1 ||     1
  Use: Scroll            |     4 |     4 |    16 |     3 |    16 |    12 |    24 |    36 |   161 ||   276
       Potion            |       |       |    11 |     3 |     1 |    17 |     8 |    17 |   110 ||   167
 Stab: Sleeping          |       |     3 |     4 |     8 |     4 |     3 |     8 |     1 |       ||    31
       Distracted        |       |       |       |       |     1 |     1 |     1 |     2 |     4 ||     9
       Confused          |       |       |       |       |     1 |       |       |       |       ||     1
       Invisible         |       |       |       |       |       |     2 |    12 |       |     6 ||    20
       Paralysed         |       |       |       |       |       |       |       |       |     3 ||     3
  Eat: Chunk             |     1 |     6 |    18 |    25 |    36 |    56 |    33 |    43 |    23 ||   241
       Ration            |       |       |     3 |     1 |     4 |     8 |    20 |     9 |    58 ||   103
Armor: Robe              |    42 |    58 |   134 |   182 |   260 |   434 |   788 |   455 |  1098 ||  3451
       Troll leather arm |       |       |       |       |       |       |       |       |   646 ||   646
Dodge: Dodged            |    70 |   120 |   205 |   332 |   712 |   938 |  1903 |   866 |  2471 ||  7617
Block: Buckler           |       |       |       |       |       |       |       |       |   831 ||   831
       Reflection        |       |       |       |       |       |       |       |       |   137 ||   137

Table legend:
 A = Non-vault XP
 B = Vault XP
 C = Vault XP percentage of total XP
 D = Non-vault monster count
 E = Vault monster count
 F = Vault count percentage of total count
                 A         B        C        D         E       F
            +---------+---------+-------+---------+---------+-------
      Total | 7655878 | 1344121 |  14.9 |    8784 |    1334 |  13.2
            +---------+---------+-------+---------+---------+-------
        D:1 |      43 |       0 |   0.0 |      25 |       0 |   0.0
        D:2 |     126 |       9 |   6.7 |      27 |       4 |  12.9
        D:3 |      58 |      16 |  21.6 |      15 |       6 |  28.6
        D:4 |     211 |     166 |  44.0 |      14 |       3 |  17.6
        D:5 |     711 |     226 |  24.1 |      36 |       7 |  16.3
        D:6 |    1318 |     714 |  35.1 |      27 |       2 |   6.9
        D:7 |    1408 |       0 |   0.0 |      21 |       0 |   0.0
        D:8 |    1744 |    1560 |  47.2 |      19 |       7 |  26.9
        D:9 |    1299 |     342 |  20.8 |      18 |      22 |  55.0
       D:10 |    3085 |    1034 |  25.1 |      16 |       1 |   5.9
       D:11 |    3128 |    8658 |  73.5 |      29 |      30 |  50.8
       D:12 |    7646 |       0 |   0.0 |      32 |       0 |   0.0
       D:13 |    6304 |    1728 |  21.5 |      32 |       4 |  11.1
       D:14 |    8262 |    4462 |  35.1 |      21 |      11 |  34.4
       D:15 |    6202 |    2060 |  24.9 |      18 |       2 |  10.0
     Lair:1 |    7856 |     831 |   9.6 |      38 |       1 |   2.6
     Lair:2 |    6033 |       0 |   0.0 |      21 |       0 |   0.0
     Lair:3 |    3362 |    1166 |  25.8 |      17 |      10 |  37.0
     Lair:4 |   10808 |    9804 |  47.6 |      25 |      30 |  54.5
     Lair:5 |    5749 |    8943 |  60.9 |      30 |      28 |  48.3
     Lair:6 |   10266 |    9985 |  49.3 |      28 |      23 |  45.1
    Swamp:1 |   19471 |       0 |   0.0 |      39 |       0 |   0.0
    Swamp:2 |   18140 |    2295 |  11.2 |      35 |       1 |   2.8
    Swamp:3 |   16114 |       0 |   0.0 |      38 |       0 |   0.0
    Swamp:4 |   11969 |   18678 |  60.9 |      28 |      27 |  49.1
   Spider:1 |   10345 |       0 |   0.0 |      28 |       0 |   0.0
   Spider:2 |   18845 |    4398 |  18.9 |      45 |      10 |  18.2
   Spider:3 |   10885 |       0 |   0.0 |      30 |       0 |   0.0
   Spider:4 |   15671 |   22579 |  59.0 |      43 |      35 |  44.9
    Slime:1 |    3073 |       0 |   0.0 |       3 |       0 |   0.0
    Slime:2 |    2561 |       0 |   0.0 |       1 |       0 |   0.0
    Slime:3 |    7860 |       0 |   0.0 |       4 |       0 |   0.0
    Slime:4 |    8968 |       0 |   0.0 |       6 |       0 |   0.0
    Slime:5 |   14361 |   24781 |  63.3 |      23 |      12 |  34.3
      Orc:1 |    4459 |     807 |  15.3 |      32 |       1 |   3.0
      Orc:2 |    1850 |   15984 |  89.6 |      23 |      58 |  71.6
      Elf:1 |   12023 |   13052 |  52.1 |      21 |      17 |  44.7
      Elf:2 |   14794 |   30895 |  67.6 |      26 |      40 |  60.6
      Elf:3 |   35080 |   69357 |  66.4 |      55 |      48 |  46.6
   Vaults:1 |   34725 |   14566 |  29.6 |      76 |      25 |  24.8
   Vaults:2 |   27531 |   65476 |  70.4 |      47 |      72 |  60.5
   Vaults:3 |   32783 |   13695 |  29.5 |      63 |      24 |  27.6
   Vaults:4 |   35026 |   45415 |  56.5 |      45 |      48 |  51.6
   Vaults:5 |   35302 |  133372 |  79.1 |      53 |      90 |  62.9
    Crypt:1 |   20717 |       0 |   0.0 |      40 |       0 |   0.0
    Crypt:2 |   11673 |       0 |   0.0 |      18 |       0 |   0.0
    Crypt:3 |       0 |   77149 | 100.0 |       0 |      81 | 100.0
     Tomb:1 |   22467 |  122361 |  84.5 |      48 |      62 |  56.4
     Tomb:2 |   15298 |   64800 |  80.9 |      35 |      55 |  61.1
     Tomb:3 |   17431 |   87686 |  83.4 |      31 |      59 |  65.6
   Depths:1 |   25188 |   13415 |  34.8 |      33 |      14 |  29.8
   Depths:2 |   29011 |    9895 |  25.4 |      37 |       7 |  15.9
   Depths:3 |   41824 |   44816 |  51.7 |      53 |      41 |  43.6
   Depths:4 |   82542 |   55549 |  40.2 |      80 |      54 |  40.3
   Depths:5 |   24238 |   22272 |  47.9 |      20 |      11 |  35.5
      Zot:1 |   78945 |   42555 |  35.0 |      49 |      24 |  32.9
      Zot:2 |   49021 |     490 |   1.0 |      34 |       1 |   2.9
      Zot:3 |   78931 |    2277 |   2.8 |      40 |       1 |   2.4
      Zot:4 |   50080 |   54168 |  52.0 |      24 |      31 |  56.4
      Zot:5 |   50331 |  179658 |  78.1 |      26 |      45 |  63.4
    Abyss:1 |    5894 |       0 |   0.0 |      21 |       0 |   0.0
    Abyss:2 |   86505 |    1756 |   2.0 |     156 |       7 |   4.3
    Abyss:3 |   10413 |   13071 |  55.7 |      17 |       7 |  29.2
      Zig:1 |   17581 |       0 |   0.0 |      17 |       0 |   0.0
      Zig:2 |   18057 |       0 |   0.0 |      38 |       0 |   0.0
      Zig:3 |   33150 |       0 |   0.0 |      56 |       0 |   0.0
      Zig:4 |   32276 |       0 |   0.0 |      75 |       0 |   0.0
      Zig:5 |   52286 |       0 |   0.0 |     103 |       0 |   0.0
      Zig:6 |   91246 |       0 |   0.0 |      97 |       0 |   0.0
      Zig:7 |   72229 |       0 |   0.0 |     125 |       0 |   0.0
      Zig:8 |  101239 |       0 |   0.0 |     118 |       0 |   0.0
      Zig:9 |  151949 |       0 |   0.0 |     141 |       0 |   0.0
     Zig:10 |  126559 |       0 |   0.0 |     208 |       0 |   0.0
     Zig:11 |  141233 |       0 |   0.0 |     204 |       0 |   0.0
     Zig:12 |  163100 |       0 |   0.0 |     251 |       0 |   0.0
     Zig:13 |  209668 |    5086 |   2.4 |     288 |       8 |   2.7
     Zig:14 |  309864 |    4320 |   1.4 |     304 |       8 |   2.6
     Zig:15 |  280881 |       0 |   0.0 |     300 |       0 |   0.0
     Zig:16 |  266149 |    1137 |   0.4 |     352 |       4 |   1.1
     Zig:17 |  416053 |       0 |   0.0 |     245 |       0 |   0.0
     Zig:18 |  295088 |    1426 |   0.5 |     274 |       4 |   1.4
     Zig:19 |  332114 |    2405 |   0.7 |     281 |       4 |   1.4
     Zig:20 |  357174 |       0 |   0.0 |     319 |       0 |   0.0
     Zig:21 |  532048 |       0 |   0.0 |     334 |       0 |   0.0
     Zig:22 |  496592 |       0 |   0.0 |     346 |       0 |   0.0
     Zig:23 |  379755 |       0 |   0.0 |     439 |       0 |   0.0
     Zig:24 |  410900 |       0 |   0.0 |     416 |       0 |   0.0
     Zig:25 |  384430 |       0 |   0.0 |     455 |       0 |   0.0
     Zig:26 |  377274 |       0 |   0.0 |     457 |       0 |   0.0
     Zig:27 |  429019 |       0 |   0.0 |     506 |       4 |   0.8
      Sewer |       0 |     517 | 100.0 |       0 |      23 | 100.0
    Ossuary |       0 |     605 | 100.0 |       0 |      29 | 100.0
      IceCv |       0 |    9653 | 100.0 |       0 |      51 | 100.0
            +---------+---------+-------+---------+---------+-------
